 Dungeon Crawl Stone Soup version 0.31-a0-640-g39d97e502b (webtiles) character file.

Game seed: 2570555702163941040

610273 scionoferis the Sorcerer (level 27, -17/177 HPs)
             Began as a Djinni Hedge Wizard on Aug 27, 2023.
             Was the Champion of Makhleb.
             Killed from afar by a hellephant (35 damage)
             ... with a blast of flame
             ... on level 3 of the Abyss on Aug 28, 2023.
             The game lasted 06:35:10 (66929 turns).

scionoferis the Sorcerer (Djinni Hedge Wizard)     Turns: 66929, Time: 06:35:10

Health: -17/177    AC: 24    Str:  9    XL:     27
Gold:   6151       EV: 28    Int: 29    God:    Makhleb [******] SH: 11 Dex: 27

rFire   + . .        a - +5 demon blade (heavy)
rCold   + + +        j - +1 buckler of Rojuak {rPois rC+++ Dex+4 Stlth-}
rNeg    . . .        d - +4 ring mail of Acotaxi {Stlth+}
rPois   ∞            N - +2 hood of the Assassin {Detect Stab+ Stlth++}
rElec   +            J - +2 cloak {rCorr}
rCorr   +            r - +2 pair of gloves of Greater Demons {Will+}
SInv    .            (boots unavailable)
Will    +++..        i - amulet "Fidiraapoo" {Acrobat Dex+4}
Stlth   ++++++       Y - ring of Vanity {Ice rElec Int+5 Dex-4 Slay+3}
HPRegen 0.49/turn    f - +6 ring of dexterity
MPRegen 0.00/turn

%: acrobat, infuse magic (-18 HP)
@: flying, studying 2 skills
A: sickness immunity, fire resistance 2, cold vulnerability 1, float, innate
caster, HP casting, extra vitality 1, iridescent scales 1, frail 1, weak 1
}: 3/15 runes: barnacled, slimy, gossamer
a: Renounce Religion, Minor Destruction, Lesser Servant of Makhleb, Major
Destruction, Greater Servant of Makhleb


You were on level 3 of the Abyss.
You worshipped Makhleb.
Makhleb was exalted by your worship.
You visited 12 branches of the dungeon, and saw 51 of its levels.
You visited the Abyss 5 times.
You also visited: Ossuary, Ice Cave, Volcano and Desolation.

You collected 8389 gold pieces.
You spent 2238 gold pieces at shops.


Innate Abilities, Weirdness & Mutations

You are immune to sickness and miasma.
You are immune to poison.
Your flesh is very heat resistant. (rF++)
You are vulnerable to cold. (rC-)
You float through the air rather than walking.
You learn spells naturally, not from books.
Your magical power is your life essence.
You have superior vitality. (+4 MHP)
You are partially covered in iridescent scales. (AC +2)
You are frail. (-10% HP)
You are weak. (Str -2)


   Skills:
 + Level 17.5 Fighting
 - Level 14.0 Long Blades
 + Level 17.3 Armour
 - Level 22.0 Dodging
 - Level 10.0 Stealth
 + Level 15.1 Shields
 + Level 24.5 Spellcasting
 + Level 24.5 Conjurations
 + Level 24.5 Hexes
 + Level 24.5 Summonings
 + Level 24.5 Necromancy
 + Level 24.5 Translocations
 + Level 24.5 Transmutations
 + Level 24.5 Fire Magic
 + Level 24.5 Ice Magic
 + Level 24.5 Air Magic
 + Level 24.5 Earth Magic
 + Level 24.5 Poison Magic
 - Level 7.0 Invocations
 - Level 18.0 Evocations


You knew the following spells:

 Your Spells              Type           Power      Damage    Failure   Level
a - Magic Dart            Conj           100%       1d8       0%          1
b - Slow                  Hex            100%       N/A       0%          1
c - Blink                 Tloc           100%       N/A       0%          2
d - Call Imp              Summ           100%       N/A       0%          2
e - Mephitic Cloud        Conj/Pois/Air  100%       N/A       0%          3
f - Freeze                Ice            100%       1d10      0%          1
g - Scorch                Fire           100%       2d9       0%          2
h - Passwall              Tmut/Erth      90%        N/A       0%          2
i - Iskenderun's Mystic   Conj/Tloc      100%       2d19      0%          4
j - Agony                 Necr           100%       N/A       0%          5
k - Lee's Rapid Deconstr  Erth           54%        3d25*     0%          5
l - Dispersal             Tloc           54%        N/A       0%          6
m - Ozocubu's Refrigerat  Ice            66%        4d22      1%          7
n - Leda's Unmaking       Conj/Erth      54%        9d9       0%          6
o - Orb of Destruction    Conj           54%        9d14      1%          7
p - Ignition              Fire           54%        3d15      1%          8
q - Disjunction           Tloc           54%        N/A       1%          8
r - Chain Lightning       Conj/Air       54%        3d72      9%          9
Your spell library was empty.

Inventory:

Hand Weapons
 a - a +5 heavy demon blade (weapon)
   (You took it off a hell knight in the Vestibule of Hell)
Missiles
 e - 69 boomerangs
 h - 106 poisoned darts (quivered)
 z - 14 curare-tipped darts
 G - 14 throwing nets
 V - 37 javelins
Armour
 d - the +4 ring mail of Acotaxi (worn) {Stlth+}
   (You found it on level 12 of the Dungeon)

   Stlth+:    It makes you more stealthy.
 j - the +1 buckler of Rojuak (worn) {rPois rC+++ Dex+4 Stlth-}
   (You found it on level 3 of the Elven Halls)

   Dex+4:     It affects your dexterity (+4).
   rC+++:     It renders you almost immune to cold.
   rPois:     It protects you from poison Stlth-: It makes you less stealthy.
 r - the +2 pair of gloves of Greater Demons (worn) {Will+}
   (You found it on level 1 of the Vaults)

   Will+:     It increases your willpower.
 J - a +2 cloak of preservation (worn)
   (You bought it in a shop on level 6 of the Dungeon)
 N - the +2 hood of the Assassin (worn) {Detect Stab+ Stlth++}
   (You found it on level 12 of the Dungeon)

   Detect:    It allows the wearer to sense nearby creatures.
   Stab+:     It allows the wearer to make particularly effective stabbing
   attacks against helpless or unaware enemies with any weapon.
   Stlth++:   It makes you much more stealthy.
Jewellery
 f - a +6 ring of dexterity (right hand)
   (You found it on level 3 of the Elven Halls)
 i - the amulet "Fidiraapoo" (around neck) {Acrobat Dex+4}
   (You bought it in a shop on level 2 of the Orcish Mines)

   [amulet of the acrobat]

   Acrobat:   It increases your evasion while moving and waiting.
   Dex+4:     It affects your dexterity (+4).
 C - the ring of Paisus {+Blink rN+ Will+ rCorr Str+4}
   (You bought it in a shop on level 9 of the Dungeon)

   [ring of willpower]

   Str+4:     It affects your strength (+4).
   rN+:       It protects you from negative energy.
   Will+:     It increases your willpower.
   +Blink:    It lets you blink.
   rCorr:     It protects you from acid and corrosion.
 X - the ring "Egyduw" {MP+9 Int+3 SInv}
   (You took it off an orc wizard on level 10 of the Dungeon)

   [ring of magical power]

   Int+3:     It affects your intelligence (+3).
   MP+9:      It affects your magic capacity (+9).
   SInv:      It lets you see invisible.
 Y - the ring of Vanity (left hand) {Ice rElec Int+5 Dex-4 Slay+3}
   (You found it on level 2 of the Shoals)

   [ring of ice]

   Ice:       It enhances your ice magic.
   Int+5:     It affects your intelligence (+5).
   Dex-4:     It affects your dexterity (-4).
   Slay+3:    It affects your accuracy & damage with ranged weapons and melee
   (+3).
   rF-:       It makes you vulnerable to fire.
   rC+:       It protects you from cold.
   rElec:     It insulates you from electricity.
Wands
 s - a wand of paralysis (44)
   (You found it on level 4 of the Dungeon)
 y - a wand of mindburst (38)
   (You found it in an ice cave)
 E - a wand of iceblast (36)
   (You found it on level 3 of the Lair of Beasts)
 M - a wand of digging (1)
   (You found it on level 5 of the Lair of Beasts)
 R - a wand of acid (48)
   (You took it off Maurice on level 9 of the Dungeon)
Scrolls
 g - 8 scrolls of blinking
 n - 6 scrolls of vulnerability
 t - a scroll of poison
 v - 27 scrolls of teleportation
 D - 4 scrolls of summoning
 F - 3 scrolls of silence
 I - 5 scrolls of revelation
 Q - 9 scrolls of fear
 S - 8 scrolls of fog
Potions
 o - 13 potions of heal wounds
 p - 11 potions of mutation
 q - 5 potions of cancellation
 u - 8 potions of haste
 w - 15 potions of curing
 x - 8 potions of enlightenment
 A - 11 potions of brilliance
 H - 11 potions of might
 U - 6 potions of resistance
 W - 4 potions of invisibility
Miscellaneous
 b - the horn of Geryon
   (You took it off Geryon in the Vestibule of Hell)
 k - a phial of floods
   (You found it in an ice cave)
 m - a condenser vane
   (You found it in an ice cave)
 B - a sack of spiders
   (You found it in the Desolation of Salt)
 O - a lightning rod (4/4)
   (You found it on level 5 of the Lair of Beasts)
 T - a phantom mirror
   (You found it in the Desolation of Salt)

Dungeon Overview and Level Annotations

Branches:
Dungeon (15/15)            Temple (1/1) D:7            Lair (5/5) D:10
 Shoals (4/4) Lair:3       Spider (4/4) Lair:3        Slime (5/5) Lair:4
    Orc (2/2) D:9             Elf (3/3) Orc:2        Vaults (4/5) D:13
  Crypt (3/3) Vaults:2       Tomb (0/3) Crypt:3      Depths (4/4) D:15
   Hell (visited)             Dis (0/7) Hell            Geh (0/7) Hell
    Coc (0/7) Hell            Tar (0/7) Hell            Zot (0/5) Depths:4
Ossuary (visited)           IceCv (visited)         Volcano (visited)
Desolation (visited)

Altars:
Ashenzari
Cheibriados
Dithmenos
Elyvilon
Fedhas
Gozag
Hepliaklqana
Makhleb
Nemelex Xobeh
Okawaru
Qazlal
Ru
Trog
Uskayaw
Wu Jian
Xom
Yredelemnul
Zin
The Shining One
Jiyva

Shops:
D:4 ?   D:5 *   D:6 [   D:9 =   D:12 *   Orc:2 ==:*   Vaults:4 =   Depths:1 :
Depths:4 (

Portals:
Hell: Depths:1 Depths:2 Depths:3 Depths:4
Abyss: Depths:3 Depths:4
Pandemonium: Depths:2
Ziggurat: Depths:4

Annotations:
Lair:3 dig for tport scroll
Elf:2 3 runed translucent doors
Vaults:5 ! DANGER
Crypt:3 exclusion: 4 doors

....≈# ###.# # X....
##. ...).. . #
#....#. .. # #..#
.... .. ## # ..##.'Y'
. ....#.#####...#....
#.......##.##.....≈≈#
#...#...@Y.X...... .#
# #..#.†.##.....≈#
.....#.###.#. ..≈ .#
......##.§ .>.. .. #
######.#.#..#.. .. .
..#. #§.. #. ### . #
. .# ##


You could see a hellephant (catching breath) and a starcursed mass.


Message History

The rakshasa weaves an illusion.
No target in view!
No target in view!
No target in view!
You open the rakshasa like a pillowcase!!!
The rakshasa is severely wounded.
You hear a hideous shriek!
You hear a shout!
The rakshasa completely misses you.
You slice the rakshasa!!
You kill the rakshasa!
Makhleb accepts your kill.
No target in view!
No target in view!
A flying skull comes into view.
You block the flying skull's attack.
Things that are here:
a +0 trident; a +0 robe You open the flying skull like a pillowcase!!!
You destroy the flying skull!
Makhleb accepts your kill.
No target in view!
You sense a monster nearby.
A raiju comes into view.
Things that are here:
a +0 long sword; a +0 robe A cacodemon comes into view.
The cacodemon gestures at you. You resist with almost no effort.
Casting: Leda's Unmaking (safe; 0% risk of failure)
Confirm with . or Enter, or press ? or * to list all spells.
Aiming: Leda's Unmaking (safe; 0% risk of failure)
Press: ? - help, Shift-Dir - straight line, f - cacodemon
Aim: a cacodemon (79% to hit)
The entropic shot hits the cacodemon!!!
The cacodemon is heavily wounded.
You block the raiju's attack.
Unknown command.
Casting: Leda's Unmaking (safe; 0% risk of failure)
Confirm with . or Enter, or press ? or * to list all spells.
Aiming: Leda's Unmaking (safe; 0% risk of failure)
Press: ? - help, Shift-Dir - straight line, f/p - cacodemon
Aim: a cacodemon (heavily wounded, 79% to hit)
The entropic shot hits the cacodemon!!!
The cacodemon is severely wounded.
The raiju completely misses you.
An orange demon comes into view.
You barely miss the cacodemon.
The cacodemon is severely wounded.
A raiju comes into view.
You block the raiju's attack. You block the cacodemon's attack.
The cacodemon hits you but does no damage.
The raiju barks!
You cut the cacodemon into ribbons!!!
You kill the cacodemon!
Makhleb accepts your kill.
You feel better.
You hear a bark!
The raiju bursts into living lightning!
The living lightning misses you.
The living lightning hits the raiju.
The raiju completely resists.
The raiju blinks!
You block the raiju's attack.
Casting: Leda's Unmaking (safe; 0% risk of failure)
Confirm with . or Enter, or press ? or * to list all spells.
You feel a surge of power!
The heat is drained from your surroundings.
The orange demon is severely wounded.
The raiju is heavily wounded.
The raiju is severely wounded.
You block the raiju's attack.
Unknown command.
Unknown command.
Casting: Ozocubu's Refrigeration (mildly dangerous; 1% risk of failure)
Confirm with . or Enter, or press ? or * to list all spells.
You feel a surge of power!
The heat is drained from your surroundings.
You kill the orange demon!
Makhleb accepts your kill.
You feel better.
You kill the raiju!
Makhleb accepts your kill.
You feel better.
You kill the raiju!
Makhleb accepts your kill.
You feel better.
Unknown command.
You see here a raiju corpse.
A large abomination and a smoke demon come into view.
A sixfirhy comes into view.
The sixfirhy moves out of view.
You see here a +4 scimitar of flaming.
Casting: Ozocubu's Refrigeration (mildly dangerous; 1% risk of failure)
Confirm with . or Enter, or press ? or * to list all spells.
You feel a surge of power!
The heat is drained from your surroundings.
You destroy the large abomination!
Makhleb accepts your kill.
You feel better.
The smoke demon roars!
The smoke demon is heavily wounded.
Unknown command.
Unknown command.
A large abomination comes into view.
The sixfirhy hits you but does no damage.
The sixfirhy completely misses you. The sixfirhy closely misses you.
You slice the sixfirhy like a ripe choko!!!
You kill the sixfirhy!
Makhleb accepts your kill.
You hear a roar!
You hear a shout!
The smoke demon gestures at you. Something smites you!
The smoke demon completely misses you. x2; The smoke demon closely misses you.
You slice the smoke demon!!
You kill the smoke demon!
Makhleb accepts your kill.
You feel better.
You slash the large abomination!
The large abomination is moderately damaged.
You completely miss the large abomination.
The large abomination is moderately damaged.
The large abomination completely misses you.
You slash the large abomination!
The large abomination is heavily damaged.
The large abomination hits you!
You hit the large abomination but do no damage.
The large abomination is heavily damaged.
You cut the large abomination into ribbons!!!
You destroy the large abomination!
Makhleb accepts your kill.
You feel better.
A large abomination comes into view.
A spatial vortex comes into view.
A sixfirhy comes into view.
The sixfirhy completely misses you.
You completely miss the sixfirhy. The sixfirhy hits you.
The sixfirhy shocks you. You resist.
The sixfirhy hits you but does no damage.
The sixfirhy completely misses you. You block the sixfirhy's attack.
You closely miss the sixfirhy. You closely miss the sixfirhy.
You completely miss the sixfirhy.
The sixfirhy hits you but does no damage.
You completely miss the sixfirhy.
The sixfirhy hits you but does no damage.
You block the sixfirhy's attack. x3
You slice the sixfirhy!!
The sixfirhy is almost dead.
You hear a roar!
You hear a bark! x2
The sixfirhy completely misses you.
The sixfirhy hits you but does no damage.
You block the sixfirhy's attack.
You miss the sixfirhy.
The sixfirhy is almost dead.
You slice the sixfirhy!!
You kill the sixfirhy!
Makhleb accepts your kill.
You feel better.
A thrashing horror comes into view.
A large abomination comes into view.
The large abomination completely misses you.
A freezing wraith comes into view.
You carve the large abomination like a ham!!!
The large abomination is almost destroyed.
You hear a bark!
The thrashing horror misses you.
You block the thrashing horror's attack.
An iron imp comes into view.
You block the thrashing horror's attack.
The thrashing horror tramples you.
You hold your ground!
You slice the large abomination!!
You destroy the large abomination!
Makhleb accepts your kill.
You feel better.
The thrashing horror completely misses you.
The thrashing horror tramples you.
You are shoved backwards!
The iron imp shouts, "Remove thy stench, thou peeagling tardy-gaited snake-molt!"
You slash the thrashing horror!
The thrashing horror is moderately damaged.
You block the thrashing horror's attack.
The thrashing horror tramples you but does no damage.
You open the thrashing horror like a pillowcase!!!
You destroy the thrashing horror!
Makhleb accepts your kill.
You feel better.
A wretched star comes into view.
The iron imp misses you.
Casting: Ozocubu's Refrigeration (mildly dangerous; 1% risk of failure)
Confirm with . or Enter, or press ? or * to list all spells.
Aiming: Leda's Unmaking (safe; 0% risk of failure)
Press: ? - help, Shift-Dir - straight line, f - wretched star
Aim: a wretched star (79% to hit)
The entropic shot hits the wretched star!!!
The wretched star is heavily damaged.
A raiju comes into view.
You block the iron imp's attack.
The wretched star pulses with an eldritch light!
You feel frail. x2
Casting: Leda's Unmaking (safe; 0% risk of failure)
Confirm with . or Enter, or press ? or * to list all spells.
Aiming: Leda's Unmaking (safe; 0% risk of failure)
Press: ? - help, Shift-Dir - straight line, f/p - wretched star
Aim: a wretched star (heavily damaged, 79% to hit)
The entropic shot hits the wretched star!!!
You destroy the wretched star!
Makhleb accepts your kill.
You feel better. The iron imp misses you.
You block the large abomination's attack.
You slice the iron imp!!
You kill the iron imp!
Makhleb accepts your kill.
You barely miss the large abomination.
The large abomination completely misses you.
You carve the freezing wraith like a ham!!!
You destroy the freezing wraith!
Makhleb accepts your kill.
A raiju comes into view.
The large abomination closely misses you.
Your Shields skill increases to level 15!
You slice the large abomination!!
The large abomination is severely damaged.
The large abomination barely misses you.
You hit the large abomination.
The large abomination is severely damaged.
You slice the large abomination!!
You destroy the large abomination!
Makhleb accepts your kill. The raiju barely misses you.
You closely miss the raiju. The raiju completely misses you.
You slash the raiju!
The raiju is heavily wounded.
The raiju bursts into living lightning!
The living lightning misses you.
The raiju blinks!
You chop the raiju into pieces!!!
You kill the raiju!
Makhleb accepts your kill.
A wretched star comes into view.
Casting: Leda's Unmaking (safe; 0% risk of failure)
Confirm with . or Enter, or press ? or * to list all spells.
You can't see any susceptible monsters within range! (Use Z to cast anyway.)
There is a gateway leading out of the Abyss here.
Casting: Leda's Unmaking (safe; 0% risk of failure)
Confirm with . or Enter, or press ? or * to list all spells.
Aiming: Leda's Unmaking (safe; 0% risk of failure)
Press: ? - help, Shift-Dir - straight line, f - wretched star
Aim: a wretched star (wandering, hasn't noticed you, 79% to hit)
The entropic shot hits the wretched star!!
The wretched star is heavily damaged.
Unknown command.
Casting: Leda's Unmaking (safe; 0% risk of failure)
Confirm with . or Enter, or press ? or * to list all spells.
Aiming: Leda's Unmaking (safe; 0% risk of failure)
Press: ? - help, Shift-Dir - straight line, f/p - wretched star
Aim: a wretched star (heavily damaged, 79% to hit)
The entropic shot hits the wretched star!!
The wretched star is almost destroyed.
The wretched star pulses with an eldritch light!
You feel stupid. x2
Casting: Leda's Unmaking (safe; 1% risk of failure)
Confirm with . or Enter, or press ? or * to list all spells.
Aiming: Leda's Unmaking (safe; 1% risk of failure)
Press: ? - help, Shift-Dir - straight line, f/p - wretched star
Aim: a wretched star (almost destroyed, 78% to hit)
The entropic shot hits the wretched star!!!
You destroy the wretched star!
Makhleb accepts your kill.
You feel better.
You start resting.
You sense a monster nearby.
A tentacled starspawn comes into view.
You completely miss the tentacled starspawn.
Tentacles burst from the starspawn's body! 2 starspawn tentacles come into view.
You chop the tentacled starspawn into pieces!!!
The tentacled starspawn is heavily damaged.
The tentacled starspawn barely misses you.
The tentacled starspawn tentacle-slaps you!
You block the starspawn tentacle's attack.
You carve the tentacled starspawn like a ham!!!
You destroy the tentacled starspawn!
Makhleb accepts your kill.
The starspawn's tentacles wither and die.
You feel the corruption within you wane somewhat.
You feel robust.
Unknown command.
A large abomination comes into view.
Found a gateway leading deeper into the Abyss.
The small abomination misses you.
You completely miss the small abomination.
You block the small abomination's attack. x2
You barely miss the large abomination.
The large abomination closely misses you.
The small abomination misses you.
You slash the large abomination!
The large abomination is moderately damaged.
You block the small abomination's attack.
You block the large abomination's attack.
You slash the large abomination!
The large abomination is heavily damaged.
The small abomination hits you!
You block the large abomination's attack.
The small abomination barely misses you.
You open the large abomination like a pillowcase!!!
You destroy the large abomination!
Makhleb accepts your kill.
The small abomination completely misses you.
You hit the small abomination but do no damage.
The small abomination closely misses you.
You slash the small abomination!
The small abomination is heavily damaged.
The small abomination completely misses you.
You slash the small abomination!
The small abomination is almost destroyed.
You block the small abomination's attack.
The small abomination completely misses you.
You slice the small abomination!!
You destroy the small abomination!
Makhleb accepts your kill.
You feel better.
A neqoxec comes into view.
Casting: Leda's Unmaking (safe; 0% risk of failure)
Confirm with . or Enter, or press ? or * to list all spells.
You feel a surge of power!
The heat is drained from your surroundings.
The neqoxec shouts!
The neqoxec is almost dead.
Unknown command.
Casting: Ozocubu's Refrigeration (mildly dangerous; 1% risk of failure)
Confirm with . or Enter, or press ? or * to list all spells.
You feel a surge of power!
The heat is drained from your surroundings.
You kill the neqoxec!
Makhleb accepts your kill.
You feel better.
A spriggan defender simulacrum assembles itself!
Unknown command.
A chaos spawn comes into view.
You strike the helpless chaos spawn from behind!
You cut the chaos spawn into ribbons!!!
You kill the chaos spawn!
Makhleb accepts your kill.
You feel better.
The chaos spawn degenerates into a cloud of primal chaos!
The spriggan defender simulacrum hits you!
The spriggan defender simulacrum freezes you.
You resist.
You slice the spriggan defender simulacrum!!
The spriggan defender simulacrum is severely damaged.
You block the spriggan defender simulacrum's attack.
You slash the spriggan defender simulacrum!
The spriggan defender simulacrum is almost destroyed.
The spriggan defender simulacrum hits you but does no damage.
The spriggan defender simulacrum closely misses you.
You slice the spriggan defender simulacrum!!
The spriggan defender simulacrum vaporises!
Makhleb accepts your kill.
You feel better.
You sense a monster nearby.
No target in view!
A large abomination comes into view.
You catch the helpless large abomination completely off-guard!
You carve the large abomination like a ham!!!
You destroy the large abomination!
Makhleb accepts your kill.
You feel better.
You feel the corruption within you wane somewhat.
You feel robust.
You feel clever.
You sense a monster nearby.
Key pressed, stopping explore.
Unknown command.
You sense a monster nearby.
An ancient zyme comes into view.
The ancient zyme completely misses you. You block the ancient zyme's attack.
You slash the ancient zyme!
The ancient zyme is moderately damaged.
The ancient zyme completely misses you. The ancient zyme misses you.
You completely miss the ancient zyme.
The ancient zyme is moderately damaged.
The ancient zyme completely misses you.
The ancient zyme hits you but does no damage.
You slice the ancient zyme!!
The ancient zyme is almost destroyed.
You slash the ancient zyme!
You destroy the ancient zyme!
Makhleb accepts your kill.
You feel better.
HP restored.
An ufetubus comes into view.
A ynoxinul comes into view.
You strike the helpless ufetubus from behind!
You open the ufetubus like a pillowcase!!!
You kill the ufetubus!
Makhleb accepts your kill.
No target in view!
No target in view!
A smoke demon comes into view.
You strike the helpless ynoxinul from behind!
You cut the ynoxinul into ribbons!!!!
You kill the ynoxinul!
Makhleb accepts your kill.
A large abomination and a small abomination come into view.
The smoke demon roars!
A large abomination comes into view.
There are monsters nearby!
An ancient zyme comes into view.
The smoke demon misses you. x2; You block the smoke demon's attack.
You chop the smoke demon into pieces!!!
You kill the smoke demon!
Makhleb accepts your kill.
A quasit comes into view.
The small abomination hits you but does no damage.
A rakshasa comes into view. It is wielding a +0 long sword.
The large abomination misses you.
The quasit gives a chilling moan.
You slice the small abomination!!
You destroy the small abomination!
Makhleb accepts your kill.
You slice the large abomination!!
The large abomination is severely damaged.
The large abomination hits you!
You hit the large abomination.
The large abomination is severely damaged.
You block the large abomination's attack.
The large abomination hits you but does no damage.
The ynoxinul bellows!
You slice the large abomination!!
You destroy the large abomination!
Makhleb accepts your kill.
You feel better.
You hear a roar! x2
A thrashing horror comes into view.
You block the large abomination's attack.
The ancient zyme completely misses you. x2
The thrashing horror roars!
You hit the ancient zyme but do no damage.
Something shouts, "Turn tail, thou jarring weather-bitten harpy!"
You block the large abomination's attack.
A thrashing horror comes into view.
The ancient zyme completely misses you. You block the ancient zyme's attack.
You hear a roar!
You hit the ancient zyme.
The ancient zyme is lightly damaged.
A lich comes into view.
The large abomination completely misses you.
You miss the rakshasa. You block the quasit's attack. x2
The quasit claws you but does no damage.
The lich shouts!
You carve the ynoxinul like a ham!!!
You kill the ynoxinul!
Makhleb accepts your kill.
You hear a roar!
The thrashing horror misses you.
You block the thrashing horror's attack.
The large abomination completely misses you.
An elephant comes into view.
A small abomination comes into view.
The lich mumbles some strange words.
The lich seems to speed up.
Unknown command.
Unknown command.
Casting: Ozocubu's Refrigeration (mildly dangerous; 1% risk of failure)
Confirm with . or Enter, or press ? or * to list all spells.
You erupt in a blast of force!
The mystic blast hits the quasit!!
You kill the quasit!
Makhleb accepts your kill.
You feel better.
The mystic blast hits the thrashing horror!!
The thrashing horror is moderately damaged.
The thrashing horror is knocked back by the mystic blast.
The mystic blast hits the thrashing horror!!
The thrashing horror is heavily damaged.
The thrashing horror is knocked back by the mystic blast.
The mystic blast hits the large abomination!!
The large abomination is heavily damaged.
The mystic blast hits the rakshasa!
The rakshasa is lightly wounded.
The rakshasa is knocked back by the mystic blast.
The mystic blast hits the ancient zyme but does no damage.
The ancient zyme is lightly damaged.
You hear a roar!
A shadow imp comes into view.
You block the ancient zyme's attack. The ancient zyme completely misses you.
The large abomination closely misses you.
Unknown command.
Unknown command.
Unknown command.
You hit the large abomination.
The large abomination is heavily damaged.
You block the thrashing horror's attack.
The thrashing horror completely misses you.
The ancient zyme hits you. The ancient zyme closely misses you.
The large abomination misses you.
You slash the large abomination!
The large abomination is severely damaged.
The thrashing horror closely misses you.
You block the thrashing horror's attack.
The ancient zyme hits you but does no damage.
The ancient zyme barely misses you.
The thrashing horror completely misses you.
You block the thrashing horror's attack.
The rakshasa blinks!
The large abomination completely misses you.
Unknown command.
Unknown command.
Unknown command.
Unknown command.
You slice the large abomination!!
You destroy the large abomination!
Makhleb accepts your kill.
You feel better.
The thrashing horror tramples you but does no damage.
The thrashing horror completely misses you.
You block the thrashing horror's attack. x2
The ancient zyme closely misses you.
The ancient zyme hits you but does no damage.
Casting: Iskenderun's Mystic Blast (safe; 0% risk of failure)
Confirm with . or Enter, or press ? or * to list all spells.
Aiming: Leda's Unmaking (safe; 0% risk of failure)
Press: ? - help, Shift-Dir - straight line, f - lich
Aim: a lich (fast, 79% to hit)
The entropic shot hits the lich!!!
The lich is heavily damaged.
The thrashing horror closely misses you.
You block the thrashing horror's attack.
The ancient zyme misses you. The ancient zyme closely misses you.
A purple draconian comes into view.
It is wielding a +1 long sword of flaming.
Casting: Leda's Unmaking (safe; 0% risk of failure)
Confirm with . or Enter, or press ? or * to list all spells.
Aiming: Leda's Unmaking (safe; 0% risk of failure)
Press: ? - help, Shift-Dir - straight line, f/p - lich
Aim: a lich (heavily damaged, fast, 79% to hit)
The entropic shot hits the lich!!
The lich is almost destroyed.
The thrashing horror tramples you.
You are shoved backwards!
The shadow imp lashes its tail.
The thrashing horror tramples you!
You are shoved backwards!
The elephant closely misses you. x2
Casting: Leda's Unmaking (safe; 0% risk of failure)
Confirm with . or Enter, or press ? or * to list all spells.
You erupt in a blast of force!
The mystic blast hits the lich!
You destroy the lich!
Makhleb accepts your kill.
You feel better.
The mystic blast hits the ancient zyme!!
The ancient zyme is severely damaged.
The ancient zyme is knocked back by the mystic blast.
The ancient zyme slams into the stone wall!
You destroy the ancient zyme!
Makhleb accepts your kill.
You feel better.
The mystic blast hits the thrashing horror!
The thrashing horror is heavily damaged.
The thrashing horror is knocked back by the mystic blast.
The thrashing horror collides with the thrashing horror!
The thrashing horror is heavily damaged.
The thrashing horror is severely damaged.
The mystic blast hits the elephant!
The elephant is moderately wounded.
The elephant is knocked back by the mystic blast.
You feel the corruption within you wane completely.
You feel clever.
Unknown command.
Unknown command.
You closely miss the thrashing horror.
The thrashing horror is severely damaged.
The thrashing horror misses you.
The thrashing horror tramples you but does no damage. x2
The thrashing horror misses you.
You slash the rakshasa!
The rakshasa is moderately wounded.
The thrashing horror closely misses you.
The thrashing horror tramples you but does no damage.
You block the thrashing horror's attack. x2
You block the small abomination's attack.
The rakshasa hits you with a +0 long sword!
Casting: Iskenderun's Mystic Blast (safe; 0% risk of failure)
Confirm with . or Enter, or press ? or * to list all spells.
You erupt in a blast of force!
The mystic blast hits the large abomination!
The large abomination is moderately damaged.
The large abomination is knocked back by the mystic blast.
The mystic blast hits the shadow imp!!
You kill the shadow imp!
Makhleb accepts your kill.
The mystic blast hits the elephant!
The elephant is moderately wounded.
The elephant is knocked back by the mystic blast.
The elephant slams into the stone wall!
The elephant is heavily wounded.
The mystic blast hits the small abomination!!!
You destroy the small abomination!
Makhleb accepts your kill.
You feel better.
The mystic blast hits the rakshasa!
The rakshasa is heavily wounded.
The rakshasa is knocked back by the mystic blast.
The rakshasa slams into the stone wall!
The rakshasa is severely wounded.
The mystic blast hits the thrashing horror!!
The thrashing horror is almost destroyed.
The thrashing horror is knocked back by the mystic blast.
The mystic blast hits the thrashing horror!!
The thrashing horror is almost destroyed.
The thrashing horror is knocked back by the mystic blast.
The injured rakshasa weaves a defensive illusion!
A thrashing horror comes into view.
The thrashing horror churns violently!
The thrashing horror seems to grow stronger.
Unknown command.
Unknown command.
Casting: Iskenderun's Mystic Blast (safe; 0% risk of failure)
Confirm with . or Enter, or press ? or * to list all spells.
Casting: Ignition (mildly dangerous; 1% risk of failure)
Press: ? - help, Dir - look around, f - activate The air bursts into flame!
The fireball engulfs the rakshasa!!
You kill the rakshasa!
The rakshasa shimmers and vanishes!
The fireball engulfs the purple draconian!
The purple draconian is lightly wounded.
The fireball engulfs the thrashing horror.
The thrashing horror resists.
The thrashing horror is lightly damaged.
The fireball engulfs the large abomination!!
The large abomination is almost destroyed.
The fireball engulfs the rakshasa!!
You kill the rakshasa!
Makhleb accepts your kill.
You feel better.
The rakshasa shimmers and vanishes!
The fireball engulfs the thrashing horror!
The thrashing horror resists.
You destroy the thrashing horror!
Makhleb accepts your kill.
You feel better.
The fireball engulfs the thrashing horror!
The thrashing horror resists.
You destroy the thrashing horror!
Makhleb accepts your kill.
The fireball engulfs the elephant!!
The elephant is almost dead.
The substance of the Abyss twists violently, and a gateway leading out appears!
The elephant changes into a dream sheep!
Unknown command.
Unknown command.
Casting: Ignition (mildly dangerous; 1% risk of failure)
Confirm with . or Enter, or press ? or * to list all spells.
Casting: Ignition (mildly dangerous; 1% risk of failure)
Press: ? - help, Dir - look around, f - activate The air bursts into flame!
The fireball engulfs the purple draconian!
The purple draconian is moderately wounded.
The fireball engulfs the thrashing horror!
The thrashing horror resists.
The thrashing horror is moderately damaged.
The fireball engulfs the large abomination!
You destroy the large abomination!
Makhleb accepts your kill.
You feel better.
The fireball engulfs the dream sheep!
You kill the dream sheep!
Makhleb accepts your kill.
The fireball engulfs the thrashing horror!
The thrashing horror resists.
The thrashing horror is heavily damaged.
The fireball engulfs the purple draconian!
The purple draconian is heavily wounded.
The fireball engulfs the thrashing horror!
The thrashing horror resists.
The thrashing horror is severely damaged.
You hear a bellow! x2; You hear a bark! x2
Unknown command.
Unknown command.
You chop the thrashing horror into pieces!!!
You destroy the thrashing horror!
Makhleb accepts your kill.
The purple draconian breathes dispelling energy at you.
The bolt of dispelling energy hits you!!!
A ynoxinul comes into view.
The purple draconian hits you with a +1 long sword of flaming!
You slash the purple draconian!
The purple draconian is severely wounded.
The purple draconian breathes dispelling energy at you.
The bolt of dispelling energy misses you.
You slash the purple draconian!
The purple draconian is severely wounded.
You barely miss the purple draconian.
The purple draconian is severely wounded.
The purple draconian closely misses you.
You open the purple draconian like a pillowcase!!!!
You kill the purple draconian!
Makhleb accepts your kill.
You feel better.
You see here a +1 long sword of flaming.
You chop the ynoxinul into pieces!!!
You kill the ynoxinul!
Makhleb accepts your kill.
You feel better.
No target in view!
Things that are here:
a +0 long sword; a +0 robe You see here a shapeshifter corpse.
Things that are here:
a +0 dagger; a +0 robe of willpower You see here a +1 long sword of flaming.
There is a gateway leading out of the Abyss here.
You pass through the gate.
Welcome back to the Depths!
There is a one-way gate to the infinite horrors of the Abyss here.
You start resting.
HP restored.
You enter the Abyss!
To return, you must find a gate leading back.
Killing monsters will force the Abyss to allow you passage.
This branch contains the abyssal rune of Zot.
The abyssal matter surrounding you shimmers strangely.
You detect the abyssal rune!
Unknown command.
A tentacled starspawn comes into view.
Tentacles burst from the starspawn's body! 2 starspawn tentacles come into view.
You block the starspawn tentacle's attack.
The brown very ugly thing gurgles horribly!
You slice the starspawn tentacle!!
You destroy the starspawn tentacle!
You slash the starspawn tentacle!
The starspawn tentacle is severely damaged.
The starspawn tentacle closely misses you.
A tentacle flies out from the starspawn's body!
A starspawn tentacle comes into view.
You cut the starspawn tentacle into ribbons!!!
You destroy the starspawn tentacle!
The starspawn tentacle completely misses you.
You chop the starspawn tentacle into pieces!!!
You destroy the starspawn tentacle!
You slice the tentacled starspawn!!
The tentacled starspawn is almost destroyed.
The tentacled starspawn completely misses you.
The tentacled starspawn barely misses you.
The brown very ugly thing completely misses you.
You carve the tentacled starspawn like a ham!!!
You destroy the tentacled starspawn!
Makhleb accepts your kill. The brown very ugly thing claws you.
You are splashed with acid.
You resist.
A wretched star comes into view.
You barely miss the brown very ugly thing.
You block the brown very ugly thing's attack.
You slice the brown very ugly thing!!
The brown very ugly thing is moderately wounded.
The brown very ugly thing claws you but does no damage.
You slice the brown very ugly thing!!
The brown very ugly thing is heavily wounded.
The wretched star pulses with an eldritch light!
You feel frail. x2
You block the brown very ugly thing's attack.
Casting: Ignition (dangerous; 1% risk of failure)
Confirm with . or Enter, or press ? or * to list all spells.
Aiming: Leda's Unmaking (safe; 0% risk of failure)
Press: ? - help, Shift-Dir - straight line, f - brown very ugly thing
Aim: a brown very ugly thing (heavily wounded, 79% to hit)
Okay, then.
You closely miss the brown very ugly thing.
The brown very ugly thing is heavily wounded.
Casting: Leda's Unmaking (safe; 0% risk of failure)
Confirm with . or Enter, or press ? or * to list all spells.
Aiming: Leda's Unmaking (safe; 0% risk of failure)
Press: ? - help, Shift-Dir - straight line, f - wretched star
Aim: a wretched star (79% to hit)
The entropic shot hits the wretched star!!!
The wretched star is severely damaged.
The brown very ugly thing claws you. The acid corrodes you!
You are splashed with acid.
You resist.
Casting: Leda's Unmaking (safe; 0% risk of failure)
Confirm with . or Enter, or press ? or * to list all spells.
Aiming: Leda's Unmaking (safe; 0% risk of failure)
Press: ? - help, Shift-Dir - straight line, f/p - wretched star
Aim: a wretched star (severely damaged, 79% to hit)
The entropic shot misses the wretched star.
You block the brown very ugly thing's attack.
The wretched star pulses with an eldritch light!
You feel the urge to shout.
You feel a strong urge to scream.
Casting: Leda's Unmaking (safe; 0% risk of failure)
Confirm with . or Enter, or press ? or * to list all spells.
Aiming: Leda's Unmaking (safe; 0% risk of failure)
Press: ? - help, Shift-Dir - straight line, f/p - wretched star
Aim: a wretched star (severely damaged, 79% to hit)
The entropic shot hits the wretched star!!!
You destroy the wretched star!
Makhleb accepts your kill.
You feel better. The brown very ugly thing claws you!!
You are splashed with acid.
You resist.
You slice the brown very ugly thing!!
The brown very ugly thing is severely wounded.
The brown very ugly thing barely misses you.
You cut the brown very ugly thing into ribbons!!!
You kill the brown very ugly thing!
Makhleb accepts your kill.
You feel better.
You feel the corruption within you wane somewhat.
You feel robust. x2; Your urge to scream lessens.
Press: ? - help, v - describe, . - travel
Here: a profane servitor, wielding a +3 whip (wandering, hasn't noticed you, umbra)
The floor.
Casting: Leda's Unmaking (safe; 0% risk of failure)
Confirm with . or Enter, or press ? or * to list all spells.
Aiming: Leda's Unmaking (safe; 0% risk of failure)
Press: ? - help, Shift-Dir - straight line, f - profane servitor
Aim: a profane servitor, wielding a +3 whip (wandering, hasn't noticed you, umbra, 42% to hit)
The entropic shot misses the profane servitor.
Unknown command.
You block the profane servitor's attack.
The profane servitor completely misses you.
You completely miss the profane servitor.
The profane servitor hits you but does no damage. x2
You chop the profane servitor into pieces!!!
The profane servitor is heavily damaged.
The profane servitor barely misses you.
The profane servitor hits you but does no damage.
You slash the profane servitor!
The profane servitor is heavily damaged.
You block the profane servitor's attack.
The profane servitor hits you but does no damage.
The profane servitor hits you with a +3 whip!
The profane servitor hits you but does no damage.
You closely miss the profane servitor.
The profane servitor is heavily damaged.
You block the profane servitor's attack. x2
You slash the profane servitor!
The profane servitor is heavily damaged.
The profane servitor hits you with a +3 whip!!
You block the profane servitor's attack.
The profane servitor hits you but does no damage.
The profane servitor misses you.
You are too injured to fight recklessly!
You are too injured to fight recklessly!
You are too injured to fight recklessly!
You are too injured to fight recklessly!
You slash the profane servitor!
The profane servitor is severely damaged.
The profane servitor hits you with a +3 whip!
You block the profane servitor's attack.
You closely miss the profane servitor.
The profane servitor is severely damaged.
The profane servitor closely misses you.
You block the profane servitor's attack.
You miss the profane servitor.
The profane servitor is severely damaged.
You block the profane servitor's attack. x2
The profane servitor hits you but does no damage. x2
You slash the profane servitor!
The profane servitor is severely damaged.
You are no longer corroded.
The profane servitor hits you with a +3 whip!
You block the profane servitor's attack.
You miss the profane servitor.
The profane servitor is severely damaged.
The profane servitor misses you.
You block the profane servitor's attack.
You miss the profane servitor.
The profane servitor is severely damaged.
The profane servitor hits you with a +3 whip.
The profane servitor completely misses you. x2
The profane servitor hits you with a +3 whip.
You miss the profane servitor.
The profane servitor is severely damaged.
The profane servitor completely misses you.
You block the profane servitor's attack.
You slash the profane servitor!
The profane servitor is almost destroyed.
The profane servitor hits you with a +3 whip. x2
You slash the profane servitor!
The profane servitor is almost destroyed.
The profane servitor hits you with a +3 whip.
The profane servitor misses you.
The profane servitor completely misses you.
The profane servitor hits you but does no damage.
You slice the profane servitor!!
You destroy the profane servitor!
Makhleb accepts your kill.
You feel the corruption within you wane completely.
Your urge to shout disappears.
You see here a +3 whip.
You start resting.
You sense a monster nearby.
You start resting.
A hellephant comes into view.
Found a gateway leading deeper into the Abyss.
The hellephant trumpets!
You slice the hellephant!!
The hellephant is lightly wounded.
You hit the hellephant but do no damage.
The hellephant is lightly wounded.
You block the hellephant's attack.
The hellephant bites you but does no damage.
The hellephant gores you but does no damage.
You slice the hellephant!!
The hellephant is moderately wounded.
The hellephant breathes flames at you. The blast of flame hits you! You resist.
You slice the hellephant!!
The hellephant is moderately wounded.
The hellephant blinks!
An apocalypse crab comes into view.
You barely miss the apocalypse crab. You block the apocalypse crab's attack.
The apocalypse crab completely misses you.
The hellephant blinks!
You barely miss the apocalypse crab.
The apocalypse crab breathes chaos at you.
The blast of chaos misses you.
Press: ? - help, v - describe, . - travel The floor, spattered with blood.
Unknown command.
You slice the apocalypse crab!!
The apocalypse crab is heavily wounded.
The apocalypse crab is engulfed in seething chaos.
The apocalypse crab bites you but does no damage.
You block the apocalypse crab's attack.
You cut the apocalypse crab into ribbons!!!
You kill the apocalypse crab!
Makhleb accepts your kill.
You feel better. The hellephant breathes flames at you.
The blast of flame hits you!! You resist.
* * * LOW HITPOINT WARNING * * *
You closely miss the hellephant.
The hellephant is moderately wounded.
The hellephant tramples you!!
* * * LOW HITPOINT WARNING * * *
You hold your ground!
You block the hellephant's attack. x2
You slice the hellephant!!
The hellephant is heavily wounded.
You hear an angry squeal.
The hellephant blinks!
Casting: Leda's Unmaking (safe; 0% risk of failure)
Confirm with . or Enter, or press ? or * to list all spells.
Aiming: Leda's Unmaking (safe; 0% risk of failure)
Press: ? - help, Shift-Dir - straight line, f - hellephant
Aim: a hellephant (heavily wounded, catching its breath, 79% to hit)
The entropic shot misses the hellephant.
* * * LOW HITPOINT WARNING * * *
Unknown command.
You feel much better.
You chop the hellephant into pieces!!!
The hellephant is severely wounded.
You hear an angry squeal.
The hellephant blinks!
A hell hog comes into view.
The hell hog breathes fire at you.
The fireball explodes!
The fireball engulfs you. You resist.
* * * LOW HITPOINT WARNING * * *
The hell hog bites you!
* * * LOW HITPOINT WARNING * * *
You carve the hell hog like the proverbial ham!!!
The hell hog is severely wounded.
The hell hog completely misses you. You block the hell hog's attack.
You barely miss the hell hog.
The hell hog is severely wounded.
You block the hell hog's attack.
You slice the hell hog!!
You kill the hell hog!
Makhleb accepts your kill.
A starcursed mass comes into view.
A starcursed mass splits.
Press: ? - help, v - describe, . - travel
Here: a starcursed mass The floor.
Unknown command.
Unknown command.
Casting: Leda's Unmaking (safe; 0% risk of failure)
Confirm with . or Enter, or press ? or * to list all spells.
Casting: Ignition (mildly dangerous; 1% risk of failure)
Press: ? - help, Dir - look around, f - activate
Okay, then.
Unknown command.
The hellephant blinks!
Casting: Ignition (mildly dangerous; 1% risk of failure)
Confirm with . or Enter, or press ? or * to list all spells.
You feel a surge of power!
The heat is drained from your surroundings.
The starcursed mass is moderately damaged. x2
* * * LOW HITPOINT WARNING * * *
The starcursed mass shudders and withdraws towards its neighbour.
The starcursed mass shudders and is absorbed by its neighbour.
Unknown command.
The starcursed mass shrieks in your mind.
* * * LOW HITPOINT WARNING * * *
Casting: Ozocubu's Refrigeration (mildly dangerous; 1% risk of failure)
Confirm with . or Enter, or press ? or * to list all spells.
You erupt in a blast of force!
The mystic blast hits the starcursed mass!
The starcursed mass is moderately damaged.
The starcursed mass is knocked back by the mystic blast.
The mystic blast hits the hellephant.
The hellephant is severely wounded.
* * * LOW HITPOINT WARNING * * *
The hellephant misses you.
The hellephant completely misses you. x2
Unknown command.
Unknown command.
Casting: Iskenderun's Mystic Blast (safe; 0% risk of failure)
Confirm with . or Enter, or press ? or * to list all spells.
Aiming: Leda's Unmaking (safe; 0% risk of failure)
Press: ? - help, Shift-Dir - straight line, f/p - hellephant
Aim: a hellephant (severely wounded, 79% to hit)
The entropic shot misses the hellephant.
The entropic shot hits the starcursed mass!!
The starcursed mass is heavily damaged.
* * * LOW HITPOINT WARNING * * *
The hellephant breathes flames at you. The blast of flame hits you!!
You resist.
You die...

Skill      XL: |  1  2  3  4  5  6  7  8  9 10 11 12 13 14 15 16 17 18 19 20 21 22 23 24 25 26 27 |
---------------+----------------------------------------------------------------------------------+-----
Spellcasting   | 3 4 5 7 8 9 11 12 13 14 15 16 17 18 19 20 21 22 23 24 | 24.5
Conjurations   | 3 4 5 7 8 9 11 12 13 14 15 16 17 18 19 20 21 22 23 24 | 24.5
Hexes          | 3 4 5 7 8 9 11 12 13 14 15 16 17 18 19 20 21 22 23 24 | 24.5
Summonings     | 3 4 5 7 8 9 11 12 13 14 15 16 17 18 19 20 21 22 23 24 | 24.5
Necromancy     | 3 4 5 7 8 9 11 12 13 14 15 16 17 18 19 20 21 22 23 24 | 24.5
Translocations | 3 4 5 7 8 9 11 12 13 14 15 16 17 18 19 20 21 22 23 24 | 24.5
Transmutations | 3 4 5 7 8 9 11 12 13 14 15 16 17 18 19 20 21 22 23 24 | 24.5
Fire Magic     | 3 4 5 7 8 9 11 12 13 14 15 16 17 18 19 20 21 22 23 24 | 24.5
Ice Magic      | 3 4 5 7 8 9 11 12 13 14 15 16 17 18 19 20 21 22 23 24 | 24.5
Air Magic      | 3 4 5 7 8 9 11 12 13 14 15 16 17 18 19 20 21 22 23 24 | 24.5
Earth Magic    | 3 4 5 7 8 9 11 12 13 14 15 16 17 18 19 20 21 22 23 24 | 24.5
Poison Magic   | 3 4 5 7 8 9 11 12 13 14 15 16 17 18 19 20 21 22 23 24 | 24.5
Fighting       | 1 2 4 6 7 8 10 11 14 15 17 | 17.5
Stealth        | 2 3 4 5 6 8 9 10 | 10.0
Dodging        | 3 4 5 8 10 13 15 16 18 19 22 | 22.0
Evocations     | 2 5 6 8 10 11 12 13 15 16 18 | 18.0
Armour         | 3 5 7 9 10 12 17 | 17.3
Long Blades    | 2 5 7 8 10 11 12 13 14 | 14.0
Invocations    | 5 7 |  7.0
Shields        | 3 5 7 9 10 11 15 | 15.1

Action                     |  1- 3 |  4- 6 |  7- 9 | 10-12 | 13-15 | 16-18 | 19-21 | 22-24 | 25-27 || total
---------------------------+-------+-------+-------+-------+-------+-------+-------+-------+-------++-------
  Melee: Dagger            |    22 |    68 |   124 |   261 |   423 |     1 |       |       |       ||   899
         Punch             |       |       |     2 |    17 |    18 |     1 |       |       |       ||    38
         Short sword       |       |       |       |    10 |       |       |       |       |       ||    10
         Rapier            |       |       |       |   263 |       |       |       |       |       ||   263
         Scimitar          |       |       |       |       |   477 |   555 |    32 |   298 |   224 ||  1586
         Demon blade       |       |       |       |       |       |       |       |       |   526 ||   526
  Throw: Dart              |       |     5 |     2 |    10 |    51 |     9 |     8 |       |     1 ||    86
         Boomerang         |       |       |       |       |     2 |       |       |       |       ||     2
         Throwing net      |       |       |       |       |       |     3 |       |       |     4 ||     7
   Cast: Magic Dart        |    57 |    70 |    33 |     5 |       |       |       |       |       ||   165
         Scorch            |       |       |   136 |   111 |   185 |    45 |       |       |       ||   477
         Mephitic Cloud    |       |       |     2 |    36 |    48 |    18 |     5 |       |     1 ||   110
         Blink             |       |       |     2 |     1 |     7 |       |       |       |     2 ||    12
         Iskenderun's Myst |       |       |       |    55 |   154 |   147 |    52 |   104 |   129 ||   641
         Agony             |       |       |       |     3 |     6 |     2 |       |       |       ||    11
         Lee's Rapid Decon |       |       |       |       |     2 |    36 |    10 |    46 |   124 ||   218
         Passwall          |       |       |       |       |     1 |    13 |     2 |       |       ||    16
         Ozocubu's Refrige |       |       |       |       |       |   131 |   337 |   296 |   591 ||  1355
         Leda's Unmaking   |       |       |       |       |       |       |    72 |   128 |   245 ||   445
         Ignition          |       |       |       |       |       |       |       |    14 |   155 ||   169
         Orb of Destructio |       |       |       |       |       |       |       |       |     1 ||     1
         Disjunction       |       |       |       |       |       |       |       |       |     1 ||     1
  Evoke: Wand              |       |     1 |     8 |       |     4 |       |     3 |     1 |       ||    17
         Lightning rod     |       |       |       |       |     3 |       |       |       |       ||     3
    Use: Scroll            |       |       |     6 |     9 |     5 |    10 |     4 |     2 |     4 ||    40
         Potion            |       |       |     3 |       |     1 |       |     1 |       |     5 ||    10
   Stab: Sleeping          |       |     3 |       |    10 |    15 |    46 |    13 |    42 |     9 ||   138
         Paralysed         |       |     2 |       |       |       |       |     2 |       |       ||     4
         Confused          |       |       |     5 |    52 |    50 |    10 |       |       |     1 ||   118
         Distracted        |       |       |       |     1 |     1 |     3 |       |       |    12 ||    17
         Held in net/web   |       |       |       |       |       |     2 |       |       |     8 ||    10
 Armour: Robe              |     2 |     1 |       |       |       |       |       |       |       ||     3
         Leather armour    |       |     4 |    20 |   110 |   181 |   137 |    21 |       |       ||   473
         Pearl dragon scal |       |       |       |       |       |       |     2 |    85 |    91 ||   178
         Ring mail         |       |       |       |       |       |       |       |       |   103 ||   103
  Dodge: Dodged            |    14 |    29 |   107 |   346 |   650 |   448 |    53 |   160 |   624 ||  2431
  Block: Buckler           |       |       |       |       |       |   129 |    20 |   101 |   353 ||   603

Levels and vault maps discovered:
D:1:      dpeg_arrival_fog, layout_rooms, ebering_ecumenical_altar_abandoned
D:2:      layout_rooms
D:3:      layout_basic, minmay_misc_feat_ornament, minmay_misc_feat_alley,
          uniq_jessica
D:4:      layout_loops_ring, nicolae_ru_path_of_blood, serial_shops,
          nicolae_shop_back_alley_shop, chequers_arboretum
D:5:      layout_cave_pods, cheibrodos_worm_habitat,
          mainiacjoe_overflow_large_starburst, serial_shops, kennysheep_mini,
          uniq_pikel, uniq_prince_ribbit1
D:6:      layout_cave_pools, serial_shops, shop, uniq_duvessa
D:7:      layout_basic, grunt_temple_overflow_forces_of_nature,
          riverfiend_overflow_shadow_ancestor, vehumet_statue,
          nicolae_uskayaw_dance_hall, kennysheep_vampire_church,
          minmay_temple_entry_glass, nicolae_ossuary_entry_plus,
          grunt_ministairs_1, minmay_misc_feat_four_crosses, uniq_maggie,
          uniq_joseph, uniq_crazy_yiuf_cottage
D:8:      layout_loops_corners, nicolae_gozag_cash_rules_everything_around_me
D:9:      layout_layer_cave, david_orc_5, serial_shops,
          nicolae_shop_gaudy_bauble, uniq_maurice, uniq_jeremiah
D:10:     minmay_s_stair_smasher, layout_loops_cross, serial_co_window_serial,
          co_window_paths_b, co_window_paths_a, co_window_corner_a,
          co_window_paths_b, co_window_paths_a, co_window_corner_a,
          co_window_cross_3, co_window_paths_c, co_window_of_opportunity_c,
          co_window_corner_b, co_window_corner_b, co_window_broadway_a,
          co_window_corner_cb, glass_columns_a, glass_columns_b,
          glass_columns_a, glass_columns_b, glass_columns_b, grunt_livestock,
          blue_anna_alchemist
D:11:     layout_roguey, nemelex_diamond_rough_becter
D:12:     evilmike_iron_armoury, layout_irregular_city, serial_shops,
          nicolae_shop_tiny_glass, uniq_urug, uniq_erolcha
D:13:     layout_roguey, ximxim_vaults_locker_room, argonaut_gorgonesque
D:14:     layout_big_octagon, nicolae_qazlal_scattered_showers,
          serial_co_window_serial, co_window_of_opportunity_a,
          co_window_corner_a, co_window_paths_b, co_window_paths_a,
          co_window_paths_a, co_window_2corner, co_window_2corner,
          co_window_broadway_b, co_window_sun, glass_columns_b, glass_columns_c,
          glass_columns_a, glass_columns_a, yredelemnul_altar_generic
D:15:     gammafunk_depths_entry_grave, layout_irregular_city,
          corexii_corridor_pit, ebering_ghost_inner_flame,
          portal_ice_cave_entry_pillars_1
Temple:   hellmonk_temple_rainy
Lair:1:   layout_chaotic_city, infiniplex_staircase_pool_2, uniq_fannar
Lair:2:   layout_roguey, grunt_megastairs_3, uniq_gastronok, uniq_erica
Lair:3:   layout_layer_cave, nicolae_shoals_entry_roost,
          hellmonk_spider_entry_not_the_bees, serial_bayou_pond_a, st_stairs_8,
          grunt_forest_small_clearing_treed
Lair:4:   layout_regular_city, dpeg_slime_entry_corner, uniq_nessos
Lair:5:   wormcave, layout_big_grid, hangedman_lair_tendril_chambers,
          roderic_batcave, chequers_serial_rivers_marsh, uniq_josephine
Shoals:1: layout_shoals
Shoals:2: dreamdust_from_the_deep, layout_shoals, ebering_ghost_gozag,
          nicolae_shoals_lost_giant_amphitheater
Shoals:3: layout_shoals
Shoals:4: shoals_end_hellmonk_holy_island, uniq_aizul, uniq_polyphemus,
          uniq_bai_suzhen
Spider:1: layout_chambers, nicolae_spider_webs_and_nodes, drop_trap
Spider:2: layout_spider_delve, nicolae_spider_some_kinda_spiderbox
Spider:3: layout_spider_delve
Spider:4: spider_rune_water
Slime:1:  layout_caves
Slime:2:  cheibrodos_slime_lost_civilization_2, layout_caves
Slime:3:  layout_caves
Slime:4:  layout_caves
Slime:5:  slime_pit_nicolae_jellycorners
Orc:1:    layout_diamond_mine, trog_butcher_becter
Orc:2:    st_orc_mages, layout_caves, nicolae_volcano_entry_batcave
Elf:1:    layout_rooms, minivault_28, uniq_norris
Elf:2:    nicolae_elf_blades_splatter_lattice [nicolae_blade_lattice],
          layout_onion_city, serial_nicolae_subway, nicolae_sub_station_crystal,
          nicolae_sub_station_stone, nicolae_sub_station_metal, uniq_roxanne
Elf:3:    minmay_elf_hall_four_x, layout_onion_city,
          ploomutoo_gammafunk_ghost_potion_laboratory, basic_altar, uniq_nikola
Vaults:1: nicolae_vaults_house_1, vaults_room_pool, hangedman_vaults_slice,
          st_more_cells, nicolae_vaults_sightless_eye,
          nicolae_vaults_closet_pinwheel_2, nicolae_vaults_sealed_display,
          ontoclasm_vaults_chip, nicolae_vaults_network_star,
          nicolae_vaults_variable_pillar_hall, layout_vaults_omnigrid
Vaults:2: ebering_ghost_disaster_area, v_misc_30,
          minmay_crypt_entry_simple_statues, nicolae_vaults_shelves_hall,
          nicolae_vaults_back_hallway, v_misc_33, nicolae_vaults_rhombus_7,
          hangedman_vaults_pinch, nicolae_vaults_more_shelving_2,
          nicolae_vaults_little_ls, vaults_mumra_hex, nicolae_vaults_alarming,
          v_misc_24, ontoclasm_vaults_idyll, nicolae_vaults_gold_heap,
          layout_vaults_maze
Vaults:3: v_alt_pattern_5, nicolae_vaults_border_crossing, v_rooms_2,
          nicolae_vaults_cornered_office, vaults_room_corners, vaults_room_grid,
          nicolae_vaults_stepped_doors, st_spiral_rooms,
          nicolae_vaults_trapezoid_lopsided_1, nicolae_vaults_rhombus_6,
          nicolae_vaults_tetromino_T_1, layout_vaults_omnicross, uniq_sojobo
Vaults:4: portal_desolation_entry_nicolae_forbidding_blocks,
          nicolae_vaults_network_square, nicolae_vaults_storing_the_good_stuff,
          v_misc_10, hangedman_vaults_stretched_pinwheel,
          grunt_vaults_hallway_long, grunt_vaults_focal,
          nicolae_vaults_storage_closets_3, nicolae_vaults_stairing_the_circle,
          nicolae_vaults_ring_of_whatevers, hangedman_vaults_capsules,
          nicolae_vaults_diagonal_hallway_8, nicolae_vaults_house_2,
          layout_vaults_omnibox, serial_shops, nicolae_shop_tiny_waterfront,
          uniq_margery
Crypt:1:  layout_chaotic_city, minivault_11, minmay_misc_feat_columns,
          weyrava_ghost_lake, uniq_donald
Crypt:2:  layout_misc_corridors, grunt_megastairs_2,
          roderic_lattice_octagonal_star, uniq_zenata
Crypt:3:  cryptofortress_bobbens
Depths:1: layout_cave_shapes, lightli_too_deep, nicolae_tso_swordbearing_angel,
          serial_sigils_hangedman_etch, nicolae_wwwww,
          nicolae_shop_i_like_small_books_too,
          nicolae_dithmenos_through_a_glass_darkly
Depths:2: minmay_four_inscribed_fans, layout_honeycomb, pan_entry,
          hangedman_coc_ice_floe, uniq_vv
Depths:3: four-leaf_vault, layout_honeycomb, minmay_curled_crystal, abyss_entry,
          hellmouth_3, infiniplex_staircase_zigzag_1
Depths:4: evilmike_zot_entry_argh, layout_cave_pools, enter_ziggurat_c,
          abyss_entry, serial_shops, shop_statue, hellmouth_1,
          nicolae_concentric_dashed_squares_wild,
          hangedman_abyss_or_decor_clamps
Hell
Abyss:3:  base: Elf:1, hangedman_steaming_rock, base: Vaults:1,
          evilmike_nicolae_abyss_rune_containment_curve

Notes
Turn   | Place    | Note
-------+----------+-------------------------------------------
     0 | D:1      | scionoferis the Djinni Hedge Wizard began the quest for the
                  | Orb.
     0 | D:1      | scionoferis set off with the following spells memorised:
                  | Magic Dart, Slow, Blink, Call Imp, Mephitic Cloud.
     0 | D:1      | Reached XP level 1. HP: 15/15 MP: 0/0
    38 | D:1      | Reached skill level 3 in Spellcasting
    38 | D:1      | Reached skill level 3 in Conjurations
    38 | D:1      | Reached skill level 3 in Hexes
    38 | D:1      | Reached skill level 3 in Summonings
    38 | D:1      | Reached skill level 3 in Necromancy
    38 | D:1      | Reached skill level 3 in Translocations
    38 | D:1      | Reached skill level 3 in Transmutations
    38 | D:1      | Reached skill level 3 in Fire Magic
    38 | D:1      | Reached skill level 3 in Ice Magic
    38 | D:1      | Reached skill level 3 in Air Magic
    38 | D:1      | Reached skill level 3 in Earth Magic
    38 | D:1      | Reached skill level 3 in Poison Magic
    96 | D:1      | Reached XP level 2. HP: 22/22 MP: 0/0
   273 | D:1      | Reached XP level 3. HP: 20/26 MP: 0/0
   273 | D:1      | Learned a level 1 spell: Freeze
   577 | D:1      | Found a faded altar of an unknown god.
   600 | D:2      | Reached skill level 1 in Fighting
   600 | D:2      | Reached skill level 2 in Stealth
   620 | D:2      | Reached XP level 4. HP: 27/32 MP: 0/0
  1083 | D:2      | Reached skill level 3 in Dodging
  1341 | D:3      | Reached XP level 5. HP: 31/37 MP: 0/0
  1341 | D:3      | Learned a level 2 spell: Scorch
  1857 | D:3      | Noticed Jessica
  1891 | D:3      | Killed Jessica
  1892 | D:3      | Reached skill level 2 in Fighting
  2729 | D:4      | Reached XP level 6. HP: 43/43 MP: 0/0
  2834 | D:4      | Reached skill level 4 in Spellcasting
  2834 | D:4      | Reached skill level 4 in Conjurations
  2834 | D:4      | Reached skill level 4 in Hexes
  2834 | D:4      | Reached skill level 4 in Summonings
  2834 | D:4      | Reached skill level 4 in Necromancy
  2834 | D:4      | Reached skill level 4 in Translocations
  2834 | D:4      | Reached skill level 4 in Transmutations
  2834 | D:4      | Reached skill level 4 in Fire Magic
  2834 | D:4      | Reached skill level 4 in Ice Magic
  2834 | D:4      | Reached skill level 4 in Air Magic
  2834 | D:4      | Reached skill level 4 in Earth Magic
  2834 | D:4      | Reached skill level 4 in Poison Magic
  3004 | D:4      | Found Suqubrutwi's Magic Scroll Boutique.
  3008 | D:4      | Bought a scroll of blinking for 90 gold pieces
  3008 | D:4      | Bought a scroll of teleportation for 36 gold pieces
  3202 | D:4      | Identified the +0 quarterstaff "Ox" {heavy, Fragile rN++
                  | Dex+6}
  3243 | D:4      | Found a sacrificial altar of Ru.
  3296 | D:5      | Entered Level 5 of the Dungeon
  3484 | D:5      | Noticed Prince Ribbit
  3507 | D:5      | HP: 2/43 [Prince Ribbit (10)]
  3510 | D:5      | Killed Prince Ribbit
  3511 | D:5      | Reached skill level 4 in Dodging
  3511 | D:5      | Reached skill level 3 in Stealth
  3511 | D:5      | Reached XP level 7. HP: 3/49 MP: 0/0
  3511 | D:5      | Learned a level 2 spell: Passwall
  3994 | D:4      | Bought a scroll of identify for 24 gold pieces
  4092 | D:5      | Reached skill level 3 in Fighting
  4170 | D:5      | Found an iron altar of Okawaru.
  4235 | D:5      | Gained mutation: Your natural rate of healing is unusually
                  | fast. [potion of mutation]
  4385 | D:5      | Noticed Pikel
  4402 | D:5      | Killed Pikel
  4403 | D:5      | Reached skill level 4 in Fighting
  4403 | D:5      | Reached skill level 5 in Dodging
  4403 | D:5      | Reached skill level 4 in Stealth
  4403 | D:5      | Reached skill level 5 in Spellcasting
  4403 | D:5      | Reached skill level 5 in Conjurations
  4403 | D:5      | Reached skill level 5 in Hexes
  4403 | D:5      | Reached skill level 5 in Summonings
  4403 | D:5      | Reached skill level 5 in Necromancy
  4403 | D:5      | Reached skill level 5 in Translocations
  4403 | D:5      | Reached skill level 5 in Transmutations
  4403 | D:5      | Reached skill level 5 in Fire Magic
  4403 | D:5      | Reached skill level 5 in Ice Magic
  4403 | D:5      | Reached skill level 5 in Air Magic
  4403 | D:5      | Reached skill level 5 in Earth Magic
  4403 | D:5      | Reached skill level 5 in Poison Magic
  4403 | D:5      | Reached XP level 8. HP: 49/58 MP: 0/0
  4533 | D:5      | Found Efuudus's General Store.
  4709 | D:5      | Found a snail-covered altar of Cheibriados.
  4911 | D:6      | Found Caguor's Antique Armour Boutique.
  4933 | D:6      | Reached XP level 9. HP: 29/63 MP: 0/0
  4933 | D:6      | Learned a level 4 spell: Iskenderun's Mystic Blast
  5033 | D:6      | Reached skill level 6 in Spellcasting
  5033 | D:6      | Reached skill level 6 in Conjurations
  5033 | D:6      | Reached skill level 6 in Hexes
  5033 | D:6      | Reached skill level 6 in Summonings
  5033 | D:6      | Reached skill level 6 in Necromancy
  5033 | D:6      | Reached skill level 6 in Translocations
  5033 | D:6      | Reached skill level 6 in Transmutations
  5033 | D:6      | Reached skill level 6 in Fire Magic
  5033 | D:6      | Reached skill level 6 in Ice Magic
  5033 | D:6      | Reached skill level 6 in Air Magic
  5033 | D:6      | Reached skill level 6 in Earth Magic
  5033 | D:6      | Reached skill level 6 in Poison Magic
  5205 | D:6      | Reached skill level 5 in Fighting
  5231 | D:6      | Noticed Duvessa
  5238 | D:6      | Noticed Dowan
  5248 | D:6      | Reached skill level 5 in Stealth
  5400 | D:6      | Reached skill level 1 in Evocations
  5565 | D:7      | Found a shadowy altar of Dithmenos.
  5605 | D:7      | Reached skill level 2 in Evocations
  5641 | D:7      | Found a blossoming altar of Fedhas.
  5665 | D:7      | Found a hazy altar of Hepliaklqana.
  5675 | D:7      | Found a staircase to the Ecumenical Temple.
  5677 | D:7      | Noticed Joseph
  5729 | D:7      | Identified the ring of the Villain {Fly Str+6}
  5745 | D:7      | Reached skill level 7 in Spellcasting
  5745 | D:7      | Reached skill level 7 in Conjurations
  5745 | D:7      | Reached skill level 7 in Hexes
  5745 | D:7      | Reached skill level 7 in Summonings
  5745 | D:7      | Reached skill level 7 in Necromancy
  5745 | D:7      | Reached skill level 7 in Translocations
  5745 | D:7      | Reached skill level 7 in Transmutations
  5745 | D:7      | Reached skill level 7 in Fire Magic
  5745 | D:7      | Reached skill level 7 in Ice Magic
  5745 | D:7      | Reached skill level 7 in Air Magic
  5745 | D:7      | Reached skill level 7 in Earth Magic
  5745 | D:7      | Reached skill level 7 in Poison Magic
  5760 | D:7      | Found a sand-covered staircase.
  5766 | Ossuary  | Entered an ossuary
  6249 | Ossuary  | Noticed Menkaure
  6251 | Ossuary  | Killed Menkaure
  6252 | Ossuary  | Reached skill level 6 in Fighting
  6252 | Ossuary  | Reached XP level 10. HP: 70/72 MP: 0/0
  6270 | Ossuary  | Reached skill level 3 in Evocations
  6335 | D:7      | Found a stormy altar of Qazlal.
  6406 | D:7      | Killed Joseph
  6431 | Temple   | Entered the Ecumenical Temple
  6455 | Temple   | Became a worshipper of Makhleb the Destroyer
  6595 | D:7      | Noticed Maggie
  6616 | D:7      | Killed Maggie
  6617 | D:7      | Reached skill level 4 in Evocations
  6711 | D:7      | Found a runed translucent door.
  6712 | D:7      | Noticed Crazy Yiuf
  6799 | D:7      | Found a hide-covered altar of Uskayaw.
  7154 | D:7      | Killed Crazy Yiuf
  7224 | D:8      | Reached skill level 8 in Spellcasting
  7224 | D:8      | Reached skill level 8 in Conjurations
  7224 | D:8      | Reached skill level 8 in Hexes
  7224 | D:8      | Reached skill level 8 in Summonings
  7224 | D:8      | Reached skill level 8 in Necromancy
  7224 | D:8      | Reached skill level 8 in Translocations
  7224 | D:8      | Reached skill level 8 in Transmutations
  7224 | D:8      | Reached skill level 8 in Fire Magic
  7224 | D:8      | Reached skill level 8 in Ice Magic
  7224 | D:8      | Reached skill level 8 in Air Magic
  7224 | D:8      | Reached skill level 8 in Earth Magic
  7224 | D:8      | Reached skill level 8 in Poison Magic
  7227 | D:8      | Reached * piety under Makhleb
  7373 | D:8      | Reached skill level 7 in Fighting
  7470 | D:8      | Reached skill level 5 in Evocations
  7623 | D:8      | Found an opulent altar of Gozag.
  8276 | D:6      | Killed Dowan
  8287 | D:6      | Killed Duvessa
  8448 | D:9      | Noticed Jeremiah
  8463 | D:9      | Reached XP level 11. HP: 79/79 MP: 0/0
  8463 | D:9      | Learned a level 5 spell: Agony
  8473 | D:9      | Killed Jeremiah
  8586 | D:9      | Found Gizxiusy's Jewellery Boutique.
  8880 | D:9      | Reached skill level 9 in Spellcasting
  8880 | D:9      | Reached skill level 9 in Conjurations
  8880 | D:9      | Reached skill level 9 in Hexes
  8880 | D:9      | Reached skill level 9 in Summonings
  8880 | D:9      | Reached skill level 9 in Necromancy
  8880 | D:9      | Reached skill level 9 in Translocations
  8880 | D:9      | Reached skill level 9 in Transmutations
  8880 | D:9      | Reached skill level 9 in Fire Magic
  8880 | D:9      | Reached skill level 9 in Ice Magic
  8880 | D:9      | Reached skill level 9 in Air Magic
  8880 | D:9      | Reached skill level 9 in Earth Magic
  8880 | D:9      | Reached skill level 9 in Poison Magic
  8937 | D:9      | Reached skill level 8 in Fighting
  9031 | D:9      | Reached ** piety under Makhleb
  9036 | D:9      | Reached skill level 6 in Evocations
  9191 | D:9      | Reached skill level 1 in Armour
  9247 | D:9      | Noticed Maurice
  9339 | D:9      | Killed Maurice
  9374 | D:9      | Found a staircase to the Orcish Mines.
  9822 | D:10     | Entered Level 10 of the Dungeon
  9822 | D:10     | Noticed a wizard
  9878 | D:10     | Noticed a two-headed ogre
  9887 | D:9      | Killed a two-headed ogre
  9888 | D:9      | Reached skill level 2 in Armour
  9926 | D:10     | Identified the +1 short sword "Soyxapu" {drain, rElec MP-9
                  | Str+5}
  9964 | D:10     | Killed a wizard
 10104 | D:10     | Reached skill level 3 in Armour
 10126 | D:10     | Reached *** piety under Makhleb
 10381 | D:10     | Reached XP level 12. HP: 87/88 MP: 0/0
 10383 | D:10     | Reached skill level 10 in Spellcasting
 10383 | D:10     | Reached skill level 10 in Conjurations
 10383 | D:10     | Reached skill level 10 in Hexes
 10383 | D:10     | Reached skill level 10 in Summonings
 10383 | D:10     | Reached skill level 10 in Necromancy
 10383 | D:10     | Reached skill level 10 in Translocations
 10383 | D:10     | Reached skill level 10 in Transmutations
 10383 | D:10     | Reached skill level 10 in Fire Magic
 10383 | D:10     | Reached skill level 10 in Ice Magic
 10383 | D:10     | Reached skill level 10 in Air Magic
 10383 | D:10     | Reached skill level 10 in Earth Magic
 10383 | D:10     | Reached skill level 10 in Poison Magic
 10387 | D:10     | Reached skill level 9 in Fighting
 10845 | D:10     | Reached skill level 4 in Armour
 10898 | D:10     | Found a staircase to the Lair.
 10951 | D:10     | Noticed a two-headed ogre
 10978 | D:10     | Killed a two-headed ogre
 11067 | D:10     | Identified the ring "Egyduw" {MP+9 Int+3 SInv}
 11421 | D:11     | Noticed a sun demon
 11463 | D:11     | Noticed a boulder beetle
 11483 | D:11     | Killed a boulder beetle
 11483 | D:11     | Reached **** piety under Makhleb
 11585 | D:11     | Reached skill level 5 in Armour
 11638 | D:11     | Found a sparkling altar of Nemelex Xobeh.
 11785 | D:11     | Reached skill level 11 in Spellcasting
 11785 | D:11     | Reached skill level 11 in Conjurations
 11785 | D:11     | Reached skill level 11 in Hexes
 11785 | D:11     | Reached skill level 11 in Summonings
 11785 | D:11     | Reached skill level 11 in Necromancy
 11785 | D:11     | Reached skill level 11 in Translocations
 11785 | D:11     | Reached skill level 11 in Transmutations
 11785 | D:11     | Reached skill level 11 in Fire Magic
 11785 | D:11     | Reached skill level 11 in Ice Magic
 11785 | D:11     | Reached skill level 11 in Air Magic
 11785 | D:11     | Reached skill level 11 in Earth Magic
 11785 | D:11     | Reached skill level 11 in Poison Magic
 11914 | D:11     | Reached skill level 10 in Fighting
 11914 | D:11     | Reached skill level 1 in Long Blades
 12116 | D:12     | Noticed Erolcha
 12128 | D:12     | Killed Erolcha
 12213 | D:12     | Noticed a boulder beetle
 12219 | D:12     | Reached skill level 2 in Long Blades
 12229 | D:12     | Reached XP level 13. HP: 36/96 MP: 0/0
 12229 | D:12     | Learned a level 5 spell: Lee's Rapid Deconstruction
 12341 | D:12     | Noticed Urug
 12368 | D:12     | Killed Urug
 12408 | D:12     | Found Laeddeczu's General Store.
 12415 | D:12     | Reached skill level 6 in Dodging
 12597 | D:12     | Reached skill level 3 in Long Blades
 12698 | D:12     | Identified the +0 leather armour of Integrity {rC+ Str-3
                  | Int+4}
 12717 | D:12     | Found an iron altar of Okawaru.
 12717 | D:12     | Noticed an orc warlord
 12718 | D:12     | Noticed a centaur warrior
 13165 | D:5      | Bought 2 throwing nets for 66 gold pieces
 13165 | D:5      | Bought a scroll of identify for 22 gold pieces
 13216 | D:6      | Bought a glowing cloak for 217 gold pieces
 13338 | Lair:1   | Entered Level 1 of the Lair of Beasts
 13448 | Lair:1   | Noticed Fannar
 13486 | Lair:1   | Killed Fannar
 13633 | Lair:1   | Reached skill level 4 in Long Blades
 13689 | Lair:1   | Reached ***** piety under Makhleb
 13690 | Lair:1   | Reached skill level 7 in Dodging
 13695 | Lair:1   | Reached skill level 12 in Spellcasting
 13695 | Lair:1   | Reached skill level 12 in Conjurations
 13695 | Lair:1   | Reached skill level 12 in Hexes
 13695 | Lair:1   | Reached skill level 12 in Summonings
 13695 | Lair:1   | Reached skill level 12 in Necromancy
 13695 | Lair:1   | Reached skill level 12 in Translocations
 13695 | Lair:1   | Reached skill level 12 in Transmutations
 13695 | Lair:1   | Reached skill level 12 in Fire Magic
 13695 | Lair:1   | Reached skill level 12 in Ice Magic
 13695 | Lair:1   | Reached skill level 12 in Air Magic
 13695 | Lair:1   | Reached skill level 12 in Earth Magic
 13695 | Lair:1   | Reached skill level 12 in Poison Magic
 14286 | Lair:2   | Noticed Erica
 14296 | Lair:2   | Killed Erica
 14411 | Lair:2   | Noticed a six-headed hydra
 14439 | Lair:2   | Killed a six-headed hydra
 14631 | Lair:2   | Noticed a six-headed hydra
 14636 | Lair:2   | Killed a six-headed hydra
 14637 | Lair:2   | Reached skill level 5 in Long Blades
 14720 | Lair:2   | Reached skill level 8 in Dodging
 14778 | Lair:2   | Noticed Gastronok
 14837 | Lair:2   | Killed Gastronok
 14838 | Lair:2   | Reached XP level 14. HP: 76/103 MP: 0/0
 15298 | Lair:3   | Found a staircase to the Shoals.
 15341 | Lair:3   | Found a hole to the Spider Nest.
 15858 | Lair:3   | Reached skill level 6 in Long Blades
 15888 | Lair:3   | Reached skill level 13 in Spellcasting
 15888 | Lair:3   | Reached skill level 13 in Conjurations
 15888 | Lair:3   | Reached skill level 13 in Hexes
 15888 | Lair:3   | Reached skill level 13 in Summonings
 15888 | Lair:3   | Reached skill level 13 in Necromancy
 15888 | Lair:3   | Reached skill level 13 in Translocations
 15888 | Lair:3   | Reached skill level 13 in Transmutations
 15888 | Lair:3   | Reached skill level 13 in Fire Magic
 15888 | Lair:3   | Reached skill level 13 in Ice Magic
 15888 | Lair:3   | Reached skill level 13 in Air Magic
 15888 | Lair:3   | Reached skill level 13 in Earth Magic
 15888 | Lair:3   | Reached skill level 13 in Poison Magic
 16749 | Lair:4   | Reached skill level 9 in Dodging
 16926 | Lair:4   | Noticed Nessos
 17100 | Lair:4   | Killed Nessos
 17246 | Lair:4   | Found a staircase to the Slime Pits.
 17286 | Lair:4   | Reached skill level 7 in Long Blades
 17720 | Lair:5   | Entered Level 5 of the Lair of Beasts
 17758 | Lair:5   | Reached ****** piety under Makhleb
 17760 | Lair:5   | Reached skill level 10 in Dodging
 17766 | Lair:5   | Reached XP level 15. HP: 82/107 MP: 0/0
 17766 | Lair:5   | Learned a level 6 spell: Dispersal
 17781 | Lair:5   | Reached skill level 1 in Invocations
 18114 | Lair:5   | Reached skill level 2 in Invocations
 18350 | Lair:5   | Reached skill level 14 in Spellcasting
 18350 | Lair:5   | Reached skill level 14 in Conjurations
 18350 | Lair:5   | Reached skill level 14 in Hexes
 18350 | Lair:5   | Reached skill level 14 in Summonings
 18350 | Lair:5   | Reached skill level 14 in Necromancy
 18350 | Lair:5   | Reached skill level 14 in Translocations
 18350 | Lair:5   | Reached skill level 14 in Transmutations
 18350 | Lair:5   | Reached skill level 14 in Fire Magic
 18350 | Lair:5   | Reached skill level 14 in Ice Magic
 18350 | Lair:5   | Reached skill level 14 in Air Magic
 18350 | Lair:5   | Reached skill level 14 in Earth Magic
 18350 | Lair:5   | Reached skill level 14 in Poison Magic
 18366 | Lair:5   | Reached skill level 3 in Invocations
 18424 | Lair:5   | Reached skill level 8 in Long Blades
 18666 | Lair:5   | Noticed Josephine
 18692 | Lair:5   | Killed Josephine
 18759 | Lair:5   | Reached skill level 4 in Invocations
 18949 | Lair:5   | Found a runed translucent door.
 20019 | Orc:1    | Entered Level 1 of the Orcish Mines
 20049 | Orc:1    | Reached skill level 5 in Invocations
 20461 | Orc:2    | Entered Level 2 of the Orcish Mines
 20541 | Orc:2    | Found a dark tunnel.
 20568 | Volcano  | Entered a volcano
 20728 | Volcano  | Reached XP level 16. HP: 15/113 MP: 0/0
 20819 | Volcano  | Identified the +3 pair of boots "Matt" {Str+4}
 20962 | Orc:2    | Found a staircase to the Elven Halls.
 21066 | Orc:2    | Reached skill level 9 in Long Blades
 21437 | Orc:2    | Found Civvawat's Book Emporium.
 21437 | Orc:2    | Found Quic's Assorted Antiques.
 21442 | Orc:2    | Found Jiol Mya's Jewellery Shoppe.
 21446 | Orc:2    | Found Gixanepa's Jewellery Shoppe.
 21664 | Orc:1    | Found a bloodstained altar of Trog.
 21992 | Orc:2    | Bought a dazzling staff for 348 gold pieces
 21992 | Orc:2    | Identified the staff "Jiriklum" {rPois SInv Poison} (You
                  | bought it in a shop on level 2 of the Orcish Mines)
 22000 | Orc:2    | Bought the amulet "Fidiraapoo" {Acrobat Dex+4} for 635 gold
                  | pieces
 22376 | D:12     | Reached skill level 6 in Invocations
 22377 | D:12     | Reached skill level 15 in Spellcasting
 22377 | D:12     | Reached skill level 15 in Conjurations
 22377 | D:12     | Reached skill level 15 in Hexes
 22377 | D:12     | Reached skill level 15 in Summonings
 22377 | D:12     | Reached skill level 15 in Necromancy
 22377 | D:12     | Reached skill level 15 in Translocations
 22377 | D:12     | Reached skill level 15 in Transmutations
 22377 | D:12     | Reached skill level 15 in Fire Magic
 22377 | D:12     | Reached skill level 15 in Ice Magic
 22377 | D:12     | Reached skill level 15 in Air Magic
 22377 | D:12     | Reached skill level 15 in Earth Magic
 22377 | D:12     | Reached skill level 15 in Poison Magic
 22523 | D:12     | Identified the +0 scale mail of Weightlessness {Harm rN+
                  | Str+2 Int+4}
 22529 | D:12     | Identified the +4 ring mail of Acotaxi {Stlth+}
 22576 | D:12     | Identified the +1 ring mail "Upnilax" {Contam +Blink rPois
                  | Stlth+}
 22791 | D:12     | Identified the +5 shortbow "Vuheizim" {drain, Str+3 Dex-2
                  | SInv}
 22801 | D:12     | Found the +2 hood of the Assassin {Detect Stab+ Stlth++}
 23208 | D:13     | Reached skill level 1 in Shields
 23348 | D:13     | Found a gate to the Vaults.
 23535 | D:13     | Reached skill level 2 in Shields
 23616 | D:14     | Found a stormy altar of Qazlal.
 23631 | D:14     | Found a basalt altar of Yredelemnul.
 23647 | D:14     | Reached skill level 7 in Invocations
 24012 | D:14     | Reached skill level 10 in Long Blades
 24012 | D:14     | Reached skill level 3 in Shields
 24301 | D:15     | Entered Level 15 of the Dungeon
 24339 | D:15     | Found a frozen archway.
 24357 | IceCv    | Entered an ice cave
 24539 | IceCv    | Reached XP level 17. HP: 116/119 MP: 0/0
 24539 | IceCv    | Learned a level 7 spell: Ozocubu's Refrigeration
 24562 | IceCv    | Identified a +2 leather armour of resistance
 24758 | IceCv    | Reached skill level 4 in Shields
 24815 | IceCv    | Reached skill level 7 in Evocations
 25510 | D:15     | Identified 2 potions of resistance
 25835 | D:15     | Found a runed translucent door.
 25835 | D:15     | Noticed greenreed's ghost (journeyman DjSh)
 25845 | D:15     | Reached skill level 16 in Spellcasting
 25845 | D:15     | Reached skill level 16 in Conjurations
 25845 | D:15     | Reached skill level 16 in Hexes
 25845 | D:15     | Reached skill level 16 in Summonings
 25845 | D:15     | Reached skill level 16 in Necromancy
 25845 | D:15     | Reached skill level 16 in Translocations
 25845 | D:15     | Reached skill level 16 in Transmutations
 25845 | D:15     | Reached skill level 16 in Fire Magic
 25845 | D:15     | Reached skill level 16 in Ice Magic
 25845 | D:15     | Reached skill level 16 in Air Magic
 25845 | D:15     | Reached skill level 16 in Earth Magic
 25845 | D:15     | Reached skill level 16 in Poison Magic
 25897 | D:15     | Reached skill level 5 in Shields
 26119 | D:15     | Found a staircase to the Depths.
 26516 | D:15     | Killed greenreed's ghost
 26524 | D:15     | Identified +2 pearl dragon scales
 26715 | Spider:1 | Entered Level 1 of the Spider Nest
 26800 | Spider:1 | Reached skill level 8 in Evocations
 27182 | Spider:1 | Reached skill level 11 in Long Blades
 28154 | Spider:2 | Reached XP level 18. HP: 115/124 MP: 0/0
 28833 | Spider:3 | Reached skill level 9 in Evocations
 29379 | Spider:4 | Entered Level 4 of the Spider Nest
 29874 | Spider:4 | Reached skill level 17 in Spellcasting
 29874 | Spider:4 | Reached skill level 17 in Conjurations
 29874 | Spider:4 | Reached skill level 17 in Hexes
 29874 | Spider:4 | Reached skill level 17 in Summonings
 29874 | Spider:4 | Reached skill level 17 in Necromancy
 29874 | Spider:4 | Reached skill level 17 in Translocations
 29874 | Spider:4 | Reached skill level 17 in Transmutations
 29874 | Spider:4 | Reached skill level 17 in Fire Magic
 29874 | Spider:4 | Reached skill level 17 in Ice Magic
 29874 | Spider:4 | Reached skill level 17 in Air Magic
 29874 | Spider:4 | Reached skill level 17 in Earth Magic
 29874 | Spider:4 | Reached skill level 17 in Poison Magic
 30422 | Spider:4 | Identified a scarf of resistance
 30431 | Spider:4 | Identified the +0 pair of gloves of Kunwepue {rN+}
 30456 | Spider:4 | Got a gossamer rune of Zot
 30821 | Spider:4 | Reached skill level 12 in Long Blades
 31149 | D:9      | Bought the ring of Paisus {+Blink rN+ Will+ rCorr Str+4}
                  | for 800 gold pieces
 31433 | Shoals:1 | Entered Level 1 of the Shoals
 31497 | Shoals:1 | Reached skill level 10 in Evocations
 31965 | Shoals:1 | Noticed a kraken
 31991 | Shoals:1 | Killed a kraken
 32120 | Shoals:1 | Noticed a kraken
 32125 | Shoals:1 | Killed a kraken
 32500 | Shoals:2 | Reached XP level 19. HP: 130/130 MP: 0/0
 32500 | Shoals:2 | Learned a level 6 spell: Leda's Unmaking
 32692 | Shoals:2 | Noticed a tentacled monstrosity
 32711 | Shoals:2 | Killed a tentacled monstrosity
 32720 | Shoals:2 | Identified the ring of Vanity {Ice rElec Int+5 Dex-4
                  | Slay+3}
 32843 | Shoals:2 | Identified a scroll of acquirement
 33132 | Shoals:2 | Found a runed translucent gate.
 33132 | Shoals:2 | Found a runed translucent gate.
 33132 | Shoals:2 | Found a runed translucent gate.
 33133 | Shoals:2 | Found an opulent altar of Gozag.
 33134 | Shoals:2 | Noticed rvierbuc's ghost (adept DsBe)
 33154 | Shoals:2 | Acquired a manual of Dodging
 33624 | Shoals:3 | Reached skill level 11 in Evocations
 33960 | Shoals:3 | Reached skill level 18 in Spellcasting
 33960 | Shoals:3 | Reached skill level 18 in Conjurations
 33960 | Shoals:3 | Reached skill level 18 in Hexes
 33960 | Shoals:3 | Reached skill level 18 in Summonings
 33960 | Shoals:3 | Reached skill level 18 in Necromancy
 33960 | Shoals:3 | Reached skill level 18 in Translocations
 33960 | Shoals:3 | Reached skill level 18 in Transmutations
 33960 | Shoals:3 | Reached skill level 18 in Fire Magic
 33960 | Shoals:3 | Reached skill level 18 in Ice Magic
 33960 | Shoals:3 | Reached skill level 18 in Air Magic
 33960 | Shoals:3 | Reached skill level 18 in Earth Magic
 33960 | Shoals:3 | Reached skill level 18 in Poison Magic
 34426 | Shoals:4 | Entered Level 4 of the Shoals
 34431 | Shoals:4 | Reached skill level 13 in Long Blades
 34437 | Shoals:4 | Noticed Polyphemus
 34515 | Shoals:4 | Killed Polyphemus
 34608 | Shoals:4 | Noticed Bai Suzhen
 34832 | Shoals:4 | Killed Bai Suzhen
 34969 | Shoals:4 | Reached XP level 20. HP: 136/136 MP: 0/0
 34972 | Shoals:4 | Noticed Aizul
 34975 | Shoals:4 | Killed Aizul
 34977 | Shoals:4 | Identified a +1 robe of resistance
 35155 | Shoals:4 | Found a glowing silver altar of Zin.
 35160 | Shoals:4 | Reached skill level 12 in Evocations
 35251 | Shoals:4 | Identified the staff of Sequestration {rElec rF+ Dex+3
                  | Fire}
 35255 | Shoals:4 | Got a barnacled rune of Zot
 35423 | Shoals:4 | Found a white marble altar of Elyvilon.
 35435 | Shoals:4 | Identified the +5 glaive of Ascent {heavy, rCorr Int+5}
 35793 | Shoals:2 | Killed rvierbuc's ghost
 36027 | Elf:1    | Entered Level 1 of the Elven Halls
 36054 | Elf:1    | Identified the +5 long sword "Oshruje" {venom, Will+
                  | Stlth+}
 36196 | Elf:1    | Reached skill level 6 in Stealth
 36299 | Elf:1    | Reached skill level 14 in Long Blades
 36308 | Elf:1    | Noticed Norris
 36313 | Elf:1    | Killed Norris
 36317 | Elf:1    | Reached skill level 19 in Spellcasting
 36317 | Elf:1    | Reached skill level 19 in Conjurations
 36317 | Elf:1    | Reached skill level 19 in Hexes
 36317 | Elf:1    | Reached skill level 19 in Summonings
 36317 | Elf:1    | Reached skill level 19 in Necromancy
 36317 | Elf:1    | Reached skill level 19 in Translocations
 36317 | Elf:1    | Reached skill level 19 in Transmutations
 36317 | Elf:1    | Reached skill level 19 in Fire Magic
 36317 | Elf:1    | Reached skill level 19 in Ice Magic
 36317 | Elf:1    | Reached skill level 19 in Air Magic
 36317 | Elf:1    | Reached skill level 19 in Earth Magic
 36317 | Elf:1    | Reached skill level 19 in Poison Magic
 36664 | Elf:2    | Found a runed translucent gate.
 36664 | Elf:2    | Found a runed translucent gate.
 36664 | Elf:2    | Found a runed translucent gate.
 36982 | Elf:2    | Reached XP level 21. HP: 129/141 MP: 0/0
 36982 | Elf:2    | Learned a level 7 spell: Orb of Destruction
 37005 | Elf:2    | Found a transporter.
 37009 | Elf:2    | Found a transporter.
 37011 | Elf:2    | Found a transporter.
 37013 | Elf:2    | Found a transporter.
 37027 | Elf:2    | Noticed Roxanne
 37031 | Elf:2    | Killed Roxanne
 37157 | Elf:2    | Found a transporter.
 37165 | Elf:2    | Found a transporter.
 37251 | Elf:2    | Reached skill level 11 in Dodging
 37563 | Elf:3    | Entered Level 3 of the Elven Halls
 37608 | Elf:3    | Found a runed translucent gate.
 37608 | Elf:3    | Found a runed translucent gate.
 37608 | Elf:3    | Found a runed translucent gate.
 37651 | Elf:3    | Reached skill level 7 in Stealth
 37706 | Elf:3    | Acquired a manual of Evocations
 37844 | Elf:3    | Reached skill level 6 in Armour
 37844 | Elf:3    | Reached skill level 6 in Shields
 38045 | Elf:3    | Noticed Nikola
 38058 | Elf:3    | Killed Nikola
 38351 | Elf:3    | Reached skill level 12 in Dodging
 38478 | Elf:3    | Reached skill level 7 in Armour
 38478 | Elf:3    | Reached skill level 7 in Shields
 38559 | Elf:3    | Reached skill level 8 in Stealth
 39091 | Elf:3    | Identified the +1 buckler of Rojuak {rPois rC+++ Dex+4
                  | Stlth-}
 39593 | Elf:3    | Reached skill level 13 in Dodging
 39626 | Elf:3    | Found a runed translucent gate.
 39626 | Elf:3    | Found a runed translucent gate.
 39636 | Elf:3    | Found a runed translucent gate.
 39641 | Elf:3    | Noticed Pooter's ghost (adept MiBe)
 39656 | Elf:3    | Reached XP level 22. HP: 141/147 MP: 0/0
 39666 | Elf:3    | Killed Pooter's ghost
 39673 | Elf:3    | Identified the +2 hat "Juibaise" {Fly Int-5 Slay+2}
 39951 | Elf:3    | Acquired a manual of Fighting
 40173 | Vaults:1 | Entered Level 1 of the Vaults
 40185 | Vaults:1 | Identified the +4 ring mail of Rationality {Harm Int+2}
 40533 | Vaults:1 | Reached skill level 8 in Armour
 40533 | Vaults:1 | Reached skill level 8 in Shields
 40545 | Vaults:1 | Reached skill level 14 in Dodging
 40678 | Vaults:1 | Reached skill level 9 in Stealth
 40970 | Vaults:1 | Identified the ring of the Lotus Blossom {Ice +Blink}
 41593 | Vaults:1 | Identified the +2 pair of gloves of Greater Demons {Will+}
 41783 | Vaults:2 | Reached skill level 9 in Armour
 41783 | Vaults:2 | Reached skill level 9 in Shields
 41860 | Vaults:2 | Reached skill level 15 in Dodging
 42020 | Vaults:2 | Reached skill level 20 in Spellcasting
 42020 | Vaults:2 | Reached skill level 20 in Conjurations
 42020 | Vaults:2 | Reached skill level 20 in Hexes
 42020 | Vaults:2 | Reached skill level 20 in Summonings
 42020 | Vaults:2 | Reached skill level 20 in Necromancy
 42020 | Vaults:2 | Reached skill level 20 in Translocations
 42020 | Vaults:2 | Reached skill level 20 in Transmutations
 42020 | Vaults:2 | Reached skill level 20 in Fire Magic
 42020 | Vaults:2 | Reached skill level 20 in Ice Magic
 42020 | Vaults:2 | Reached skill level 20 in Air Magic
 42020 | Vaults:2 | Reached skill level 20 in Earth Magic
 42020 | Vaults:2 | Reached skill level 20 in Poison Magic
 42105 | Vaults:2 | Reached XP level 23. HP: 150/152 MP: 0/0
 42105 | Vaults:2 | Learned a level 8 spell: Ignition
 42264 | Vaults:2 | Found a staircase to the Crypt.
 42572 | Vaults:2 | Found a large runed translucent door.
 42573 | Vaults:2 | Noticed Lemondrips's ghost (adept MiSh)
 42574 | Vaults:2 | Found a large runed translucent door.
 42595 | Vaults:2 | Killed Lemondrips's ghost
 42662 | Vaults:2 | Identified the amulet "Qouxt" {Spirit rPois rC+}
 43525 | Vaults:3 | Noticed Sojobo
 43534 | Vaults:3 | Killed Sojobo
 43535 | Vaults:3 | Reached skill level 11 in Fighting
 43535 | Vaults:3 | Reached skill level 10 in Stealth
 43701 | Vaults:3 | Reached skill level 13 in Evocations
 43971 | Vaults:4 | Reached skill level 16 in Dodging
 44007 | Vaults:4 | Found a crumbling gateway.
 44019 | Desolati | Entered the Desolation of Salt
 44091 | Desolati | Identified the amulet "Tagampu" {Spirit Str+3 Int+2 Dex+4
                  | Stlth+}
 44188 | Desolati | Reached skill level 10 in Armour
 44188 | Desolati | Reached skill level 10 in Shields
 44412 | Desolati | Identified the ring "Imaat" {rF+ Str+3 Dex+3 Stlth+}
 44453 | Desolati | Identified the +6 shortbow of a volcano {speed, Int+2}
 44522 | Desolati | Reached XP level 24. HP: 118/164 MP: 0/0
 44526 | Desolati | Reached skill level 12 in Fighting
 44673 | Desolati | Identified the +1 pair of boots of Gallantry {Str+3 Int-4
                  | Dex+5}
 44691 | Desolati | Identified the ring of Wum Uppe {rC+ MP+9}
 44763 | Desolati | Identified the ring "Lobigruy" {Fire Slay+3}
 44866 | Desolati | Identified the staff "Pihuir" {rPois rF+ rN+ Stlth- Poison}
 44943 | Desolati | Reached skill level 14 in Evocations
 44948 | Desolati | Identified the ring "Yligelin" {MP+9 Slay+5}
 45253 | Vaults:4 | Reached skill level 17 in Dodging
 45342 | Vaults:4 | Identified the +1 robe "Yduophem" {-Cast +Blink rN+++
                  | rCorr}
 45651 | Vaults:4 | Reached skill level 13 in Fighting
 46004 | Vaults:4 | Identified the +2 ring mail of Atorod {rPois}
 46013 | Vaults:4 | Found Niffumis's Jewellery Boutique.
 46294 | Vaults:4 | Identified the ring "Ipsucen" {Wiz Str+4 Int+4}
 46295 | Vaults:4 | Identified the +4 sling "Haqyfaer" {flame, rCorr}
 46300 | Vaults:4 | Noticed a golden dragon
 46829 | Vaults:4 | Killed a golden dragon
 46843 | Vaults:4 | Identified the +1 helmet of the Thoughtful Hosts {-Cast
                  | Harm Rampage Regen+}
 46868 | Vaults:4 | Reached skill level 15 in Evocations
 47157 | Crypt:1  | Entered Level 1 of the Crypt
 47338 | Crypt:1  | Noticed Donald
 47343 | Crypt:1  | Reached skill level 21 in Spellcasting
 47343 | Crypt:1  | Reached skill level 21 in Conjurations
 47343 | Crypt:1  | Reached skill level 21 in Hexes
 47343 | Crypt:1  | Reached skill level 21 in Summonings
 47343 | Crypt:1  | Reached skill level 21 in Necromancy
 47343 | Crypt:1  | Reached skill level 21 in Translocations
 47343 | Crypt:1  | Reached skill level 21 in Transmutations
 47343 | Crypt:1  | Reached skill level 21 in Fire Magic
 47343 | Crypt:1  | Reached skill level 21 in Ice Magic
 47343 | Crypt:1  | Reached skill level 21 in Air Magic
 47343 | Crypt:1  | Reached skill level 21 in Earth Magic
 47343 | Crypt:1  | Reached skill level 21 in Poison Magic
 47347 | Crypt:1  | Killed Donald
 47348 | Crypt:1  | Reached skill level 18 in Dodging
 47374 | Crypt:1  | Reached skill level 14 in Fighting
 47397 | Crypt:1  | Identified the +11 glaive of Amaxev {freeze, rF+++ rN+
                  | Str-5 Int+2}
 47959 | Crypt:2  | Reached XP level 25. HP: 167/176 MP: 0/0
 47959 | Crypt:2  | Learned a level 8 spell: Disjunction
 47986 | Crypt:2  | Reached skill level 15 in Fighting
 48084 | Crypt:2  | Noticed Zenata
 48110 | Crypt:2  | Killed Zenata
 48352 | Crypt:2  | Identified the +6 flail of Ejos {freeze, Dex+3}
 48638 | Crypt:3  | Entered Level 3 of the Crypt
 48988 | Crypt:3  | Reached skill level 22 in Spellcasting
 48988 | Crypt:3  | Reached skill level 22 in Conjurations
 48988 | Crypt:3  | Reached skill level 22 in Hexes
 48988 | Crypt:3  | Reached skill level 22 in Summonings
 48988 | Crypt:3  | Reached skill level 22 in Necromancy
 48988 | Crypt:3  | Reached skill level 22 in Translocations
 48988 | Crypt:3  | Reached skill level 22 in Transmutations
 48988 | Crypt:3  | Reached skill level 22 in Fire Magic
 48988 | Crypt:3  | Reached skill level 22 in Ice Magic
 48988 | Crypt:3  | Reached skill level 22 in Air Magic
 48988 | Crypt:3  | Reached skill level 22 in Earth Magic
 48988 | Crypt:3  | Reached skill level 22 in Poison Magic
 49536 | Crypt:3  | Identified a +1 robe of resistance
 49725 | Crypt:3  | Found a staircase to the Tomb.
 49770 | Crypt:3  | Found a basalt altar of Yredelemnul.
 49834 | Crypt:3  | Noticed a dread lich
 49842 | Crypt:3  | Killed a dread lich
 49983 | Crypt:3  | Identified the +11 battleaxe "Wogeequh" {spect, *Rage Fly
                  | rPois rCorr}
 49985 | Crypt:3  | Identified the +0 robe of the Snake Pit {rC+}
 50430 | Depths:1 | Entered Level 1 of the Depths
 50592 | Depths:1 | Found a glowing golden altar of the Shining One.
 50634 | Depths:1 | Found a shadowy altar of Dithmenos.
 50668 | Depths:1 | Identified the +6 rapier of Innocence {heavy, rPois rN+
                  | SInv}
 50875 | Depths:1 | Found Biepuca's Tiny Tomes.
 50974 | Depths:1 | Found a gateway to Hell.
 51122 | Depths:2 | Found a one-way gate leading to the halls of Pandemonium.
 51158 | Depths:2 | Noticed a caustic shrike
 51162 | Depths:2 | Killed a caustic shrike
 51167 | Depths:2 | Reached XP level 26. HP: 184/184 MP: 0/0
 51413 | Depths:2 | Noticed Vv
 51434 | Depths:2 | Killed Vv
 51775 | Depths:2 | Acquired a manual of Armour
 51779 | Depths:2 | Identified the +1 robe "Qagi Xio" {Harm rCorr Dex-4}
 51849 | Depths:2 | Noticed a juggernaut
 51856 | Depths:2 | Killed a juggernaut
 52045 | Depths:2 | Noticed a caustic shrike
 52055 | Depths:2 | Killed a caustic shrike
 52198 | Depths:2 | Reached skill level 11 in Armour
 52645 | Depths:3 | Reached skill level 16 in Evocations
 52658 | Depths:3 | Reached skill level 19 in Dodging
 52713 | Depths:3 | Reached skill level 11 in Shields
 52726 | Depths:3 | Identified the +9 rapier "Uru Fel" {heavy, Stlth+}
 52816 | Depths:3 | Found a one-way gate to the infinite horrors of the Abyss.
 53336 | Depths:3 | Reached skill level 23 in Spellcasting
 53336 | Depths:3 | Reached skill level 23 in Conjurations
 53336 | Depths:3 | Reached skill level 23 in Hexes
 53336 | Depths:3 | Reached skill level 23 in Summonings
 53336 | Depths:3 | Reached skill level 23 in Necromancy
 53336 | Depths:3 | Reached skill level 23 in Translocations
 53336 | Depths:3 | Reached skill level 23 in Transmutations
 53336 | Depths:3 | Reached skill level 23 in Fire Magic
 53336 | Depths:3 | Reached skill level 23 in Ice Magic
 53336 | Depths:3 | Reached skill level 23 in Air Magic
 53336 | Depths:3 | Reached skill level 23 in Earth Magic
 53336 | Depths:3 | Reached skill level 23 in Poison Magic
 53344 | Depths:3 | Noticed a juggernaut
 53346 | Depths:3 | Reached skill level 12 in Armour
 53538 | Depths:3 | Killed a juggernaut
 53809 | Depths:4 | Entered Level 4 of the Depths
 53824 | Depths:4 | Reached XP level 27. HP: 156/190 MP: 0/0
 53824 | Depths:4 | Learned a level 9 spell: Chain Lightning
 53829 | Depths:4 | Reached skill level 17 in Evocations
 53920 | Depths:4 | Reached skill level 20 in Dodging
 54072 | Depths:4 | Reached skill level 13 in Armour
 54136 | Depths:4 | Found a one-way gateway to a ziggurat.
 54576 | Depths:4 | Reached skill level 12 in Shields
 54629 | Depths:4 | Found a gate to the Realm of Zot.
 54763 | Depths:4 | Found Tumemup's Antique Weapon Emporium.
 55448 | Slime:1  | Entered Level 1 of the Pits of Slime
 55893 | Slime:2  | Gained mutation: Your flesh is almost immune to the effects
                  | of heat. (rF+++) [a shining eye]
 55898 | Slime:2  | Gained mutation: You are frail. (-10% HP) [a shining eye]
 56792 | Slime:3  | Gained mutation: You are weak. (Str -2) [a shining eye]
 57045 | Slime:4  | Reached skill level 14 in Armour
 57347 | Slime:3  | Reached skill level 18 in Evocations
 57451 | Slime:3  | Reached skill level 21 in Dodging
 57955 | Slime:4  | Gained mutation: Potions are less effective at restoring
                  | your health. [a shining eye]
 58172 | Slime:5  | Entered Level 5 of the Pits of Slime
 58236 | Slime:5  | Gained mutation: You are very frail. (-20% HP) [a shining
                  | eye]
 58571 | Slime:5  | Found a viscous altar of Jiyva.
 58635 | Slime:5  | Noticed the Royal Jelly
 58638 | Slime:5  | Gained mutation: Your spells are a little easier to cast,
                  | but a little less powerful. [a shining eye]
 58641 | Slime:5  | Killed the Royal Jelly
 58815 | Slime:5  | Identified the ring "Sosak" {rF+ rN+ MP+9 Stlth+}
 58842 | Slime:5  | Identified the +1 scimitar of the Holding Mosquito {flame,
                  | rC+ Dex+2}
 58847 | Slime:5  | Got a slimy rune of Zot
 58849 | Slime:5  | Identified the +9 shortbow "Sekapy" {drain, rN+ Str-3 SInv}
 58861 | Slime:5  | Identified the +7 mace of Erisagob {holy, Contam rC+ Int+3}
 58878 | Slime:5  | Identified the +0 ring mail of Midwinter {Str+4}
 58879 | Slime:5  | Identified the +2 hand axe of the Crawling Thing {speed,
                  | rC++}
 58880 | Slime:5  | Identified the +8 great sword "Faomuho" {vamp, SInv}
 58884 | Slime:5  | Identified the amulet "Sateypn" {Reflect Str+2 SH+5}
 59355 | Slime:5  | Lost mutation: Your spells are a little easier to cast, but
                  | a little less powerful. [potion of mutation]
 59355 | Slime:5  | Lost mutation: You are very frail. (-20% HP) [potion of
                  | mutation]
 59355 | Slime:5  | Lost mutation: Your natural rate of healing is unusually
                  | fast. [potion of mutation]
 59698 | Hell     | Entered the Vestibule of Hell
 59698 | Hell     | Noticed Geryon
 59706 | Hell     | Killed Geryon
 59707 | Hell     | Reached skill level 15 in Armour
 59707 | Hell     | Reached skill level 13 in Shields
 60324 | Hell     | Reached skill level 16 in Fighting
 60789 | Hell     | Found a gateway to the Iron City of Dis.
 60887 | Hell     | Found a gateway to the ashen valley of Gehenna.
 60994 | Hell     | Found a gateway to the decaying netherworld of Tartarus.
 61088 | Hell     | Found a gateway to the freezing wastes of Cocytus.
 61604 | Depths:3 | Voluntarily entered the Abyss.
 61615 | Abyss:1  | Found a corrupted altar of Lugonu.
 61689 | Abyss:1  | Gained mutation: You do not regenerate when monsters are
                  | visible. [a neqoxec]
 61696 | Abyss:1  | Lost mutation: Potions are less effective at restoring your
                  | health. [potion of mutation]
 61696 | Abyss:1  | Lost mutation: Your flesh is almost immune to the effects
                  | of heat. (rF+++) [potion of mutation]
 61696 | Abyss:1  | Gained mutation: You are partially covered in iridescent
                  | scales. (AC +2) [potion of mutation]
 61697 | Abyss:1  | Lost mutation: You are weak. (Str -2) [potion of mutation]
 61697 | Abyss:1  | Lost mutation: You do not regenerate when monsters are
                  | visible. [potion of mutation]
 61697 | Abyss:1  | Gained mutation: You are weak. (Str -2) [potion of
                  | mutation]
 62371 | Abyss:1  | Found a corrupted altar of Lugonu.
 62399 | Abyss:1  | Found a corrupted altar of Lugonu.
 62457 | Depths:3 | You pass through the gate.
 62457 | Depths:3 | Escaped the Abyss
 62544 | Depths:3 | Voluntarily entered the Abyss.
 62674 | Abyss:1  | Reached skill level 22 in Dodging
 62743 | Abyss:1  | Reached skill level 24 in Spellcasting
 62743 | Abyss:1  | Reached skill level 24 in Conjurations
 62743 | Abyss:1  | Reached skill level 24 in Hexes
 62743 | Abyss:1  | Reached skill level 24 in Summonings
 62743 | Abyss:1  | Reached skill level 24 in Necromancy
 62743 | Abyss:1  | Reached skill level 24 in Translocations
 62743 | Abyss:1  | Reached skill level 24 in Transmutations
 62743 | Abyss:1  | Reached skill level 24 in Fire Magic
 62743 | Abyss:1  | Reached skill level 24 in Ice Magic
 62743 | Abyss:1  | Reached skill level 24 in Air Magic
 62743 | Abyss:1  | Reached skill level 24 in Earth Magic
 62743 | Abyss:1  | Reached skill level 24 in Poison Magic
 62772 | Abyss:1  | Found a corrupted altar of Lugonu.
 62844 | Abyss:1  | Found a corrupted altar of Lugonu.
 62844 | Abyss:1  | Found a corrupted altar of Lugonu.
 63178 | Abyss:1  | Reached skill level 16 in Armour
 63257 | Abyss:1  | Found a shimmering altar of Xom.
 63267 | Abyss:1  | Found a shimmering altar of Xom.
 63268 | Abyss:1  | Found a shimmering altar of Xom.
 63268 | Abyss:1  | Found a shimmering altar of Xom.
 63330 | Abyss:1  | Reached skill level 14 in Shields
 63701 | Abyss:2  | Found a corrupted altar of Lugonu.
 63709 | Abyss:2  | Found a corrupted altar of Lugonu.
 63779 | Abyss:2  | Found a corrupted altar of Lugonu.
 64476 | Depths:3 | You pass through the gate.
 64476 | Depths:3 | Escaped the Abyss
 64708 | Depths:3 | Voluntarily entered the Abyss.
 65061 | Depths:3 | You pass through the gate.
 65061 | Depths:3 | Escaped the Abyss
 65413 | Depths:3 | Voluntarily entered the Abyss.
 65795 | Abyss:3  | Reached skill level 17 in Fighting
 66006 | Abyss:3  | Found a corrupted altar of Lugonu.
 66078 | Abyss:3  | Found a corrupted altar of Lugonu.
 66138 | Abyss:3  | Found a corrupted altar of Lugonu.
 66307 | Abyss:3  | Reached skill level 17 in Armour
 66537 | Abyss:3  | Reached skill level 15 in Shields
 66579 | Abyss:3  | Found a corrupted altar of Lugonu.
 66770 | Depths:3 | You pass through the gate.
 66770 | Depths:3 | Escaped the Abyss
 66820 | Depths:3 | Voluntarily entered the Abyss.
 66929 | Abyss:3  | Killed from afar by a hellephant

Vanquished Creatures
  the Royal Jelly (Slime:5)
  A dread lich (Crypt:3)
  2 juggernauts (Depths:2 Depths:3)
  Sojobo (Vaults:3)
  Vv (Depths:2)
  Bai Suzhen (Shoals:4)
  2 caustic shrikes (Depths:2)
  Nikola (Elf:3)
  Geryon (Hell)
  2 profane servitors (Abyss:1 Abyss:3)
  3 golden dragons (Vaults:4 Depths:2 Depths:4)
  The ghost of Lemondrips the Hoplite, an adept MiSh of Trog (Vaults:2)
  7 bone dragons (Crypt:3 Abyss:1 Abyss:2)
  Norris (Elf:1)
  8 tentacled monstrosities (Shoals:2 Elf:3 Vaults:4 Depths:2 Depths:4)
  A walking crystal tome (Depths:3)
  Zenata (Crypt:2)
  A Hell Sentinel (Abyss:3)
  12 liches (Crypt:2 Crypt:3 Depths:2 Depths:3 Depths:4)
  A walking earthen tome (Depths:2)
  3 deep elf blademasters (Elf:3)
  A walking frostbound tome (Depths:2)
  7 searing wretches (Depths:1)
  A titan (Depths:2)
  A deep elf master archer (Elf:3)
  4 krakens (Shoals:1 Shoals:2)
  16 acid blobs (Slime:1 Slime:4 Slime:3 Slime:2 Slime:5)
  2 ancient champions (Crypt:1 Crypt:2)
  Gastronok (Lair:2)
  4 sphinxes (Vaults:2 Vaults:3 Depths:4)
  15 tentacled starspawn (Abyss:1 Abyss:2 Abyss:3)
  Polyphemus (Shoals:4)
  4 tengu reavers (Vaults:3 Depths:2)
  The ghost of Pooter the Severer, an adept MiBe of Trog (Elf:3)
  Aizul (Shoals:4)
  Roxanne (Elf:2)
  2 draconian monks (Abyss:1)
  2 storm dragons (Depths:3 Depths:4)
  9 frost giants (IceCv Vaults:4 Depths:2 Depths:3 Depths:4)
  9 azure jellies (Slime:5)
  Donald (Crypt:1)
  3 revenants (Crypt:2 Hell)
  The ghost of rvierbuc the Warrior, an adept DsBe of Jiyva (Shoals:2)
  2 draconian knights (Depths:4 Abyss:2)
  4 fire giants (Depths:2 Depths:3 Depths:4)
  14 deep elf sorcerers (Elf:1 Elf:3 Vaults:2 Abyss:1 Abyss:2)
  3 emperor scorpions (Spider:2 Spider:4)
  16 rockslimes (Slime:1 Slime:2 Slime:3 Slime:5)
  2 iron dragons (Vaults:4 Hell)
  12 vault wardens (Vaults:1 Vaults:3 Vaults:4)
  4 deep elf elementalists (Elf:3)
  2 balrugs (Depths:1 Depths:3)
  3 imperial myrmidons (Desolation)
  9 ghouls (Vaults:2 Crypt:2)
  A draconian shifter (Abyss:2)
  4 ghost moths (Spider:2 Spider:4)
  19 ironbound preservers (Vaults:1 Vaults:2 Vaults:3 Vaults:4)
  3 orc warlords (D:12 Vaults:2 Vaults:4)
  2 cacodemons (Elf:3 Abyss:3)
  5 reapers (Depths:4 Hell Abyss:1)
  24 very ugly things (Elf:3 Depths:1 Depths:2 Depths:4 Abyss:1)
  4 draconian stormcallers (Depths:4)
  2 spriggan defenders (Depths:4)
  2 angels (Shoals:4 Abyss:2)
  An ophan (Abyss:3)
  8 ironbound thunderhulks (Vaults:1 Vaults:2 Vaults:3)
  8 stone giants (Vaults:1 Depths:2 Depths:3 Depths:4)
  7 war gargoyles (Vaults:3 Vaults:4 Crypt:3 Hell)
  9 quicksilver oozes (Slime:1 Slime:3 Slime:4 Slime:5)
  5 vampire knights (Crypt:2 Crypt:3 Depths:2 Depths:4)
  13 formless jellyfish (Shoals:3 Vaults:1 Vaults:3 Slime:2 Slime:5)
  6 deep elf demonologists (Elf:3)
  A halazid warlock (Desolation)
  A black draconian (Depths:4)
  Nessos (Lair:4)
  A lorocyproca (Abyss:2)
  3 green draconians (Depths:4 Abyss:1)
  A yellow draconian (Abyss:1)
  2 white draconians (IceCv Depths:4)
  10 spark wasps (Spider:4 Depths:2 Depths:3 Depths:4)
  A wendigo (Hell)
  15 dire elephants (Vaults:1 Vaults:4)
  The ghost of greenreed the Martial Artist, a journeyman DjSh of Yredelemnul (D:15)
  7 deep elf annihilators (Elf:3)
  2 purple draconians (Abyss:1 Abyss:3)
  8 crystal guardians (Vaults:3 Desolation Vaults:4 Crypt:3)
  8 deep elf death magi (Elf:1 Elf:3 Crypt:2)
  A blizzard demon (Abyss:1)
  4 green deaths (Hell Abyss:1 Abyss:2 Abyss:3)
  7 jiangshi (Crypt:2)
  5 ettins (Depths:1 Depths:3 Depths:4)
  18 merfolk impalers (Shoals:1 Shoals:2 Shoals:4)
  2 iron golems (Hell)
  16 great orbs of eyes (Shoals:2 Vaults:1 Vaults:2 Vaults:3 Depths:4)
  8 ragged hierophants (Desolation)
  Josephine (Lair:5)
  7 merfolk javelineers (Shoals:4)
  5 entropy weavers (Spider:2 Spider:4 Vaults:3 Vaults:4)
  5 deep elf high priests (Elf:3)
  10 fire dragons (Lair:5 Depths:2 Depths:3 Depths:4)
  7 yaktaur captains (Vaults:2 Vaults:3 Vaults:4)
  Fannar (Lair:1)
  A fenstrider witch zombie (Crypt:2)
  9 rakshasas (Depths:2 Depths:3 Abyss:1 Abyss:3)
  5 hydras (Lair:2 Lair:4 Lair:5 D:15)
  9 servants of whispers (Desolation)
  Erolcha (D:12)
  11 vault guards (D:13 Vaults:1 Vaults:4)
  9 ice dragons (Depths:1 Depths:2 Depths:3 Depths:4)
  12 peacekeepers (Vaults:3 Desolation Vaults:4)
  15 ironbound frosthearts (IceCv Vaults:1 Vaults:3 Vaults:4)
  2 radroaches (Spider:2 Spider:4)
  A fenstrider witch skeleton (Crypt:3)
  3 catoblepae (D:13 D:14 Shoals:4)
  5 spriggan air magi (Depths:2 Depths:3 Depths:4)
  3 two-headed ogres (D:9 D:10 D:13)
  A satyr (Shoals:2)
  A juggernaut simulacrum (Crypt:2)
  5 merfolk avatars (Shoals:2 Shoals:3 Shoals:4)
  20 centaur warriors (Volcano D:12 D:13 D:14 D:15)
  Erica (Lair:2)
  3 spriggan skeletons (Crypt:1 Crypt:3)
  A sphinx skeleton (Vaults:1)
  An alligator snapping turtle (Shoals:3)
  A stoker (Hell)
  6 death yaks (Shoals:4)
  4 merfolk aquamancers (Shoals:4)
  4 vampire magi (Crypt:1 Crypt:2)
  An alligator (shapeshifter) (Abyss:1)
  27 dancing weapons (Elf:1 Elf:2 Elf:3 Crypt:3)
  8 deep troll earth magi (D:15 Depths:2 Depths:3 Depths:4)
  A tengu warrior (Depths:2)
  7 boulder beetles (D:11 D:12 Lair:3 Lair:5 Spider:1)
  7 deep troll shamans (Depths:2 Depths:3)
  2 spectral storm dragons (Crypt:1)
  A naga warrior (Abyss:1)
  Urug (D:12)
  3 hell hogs (Depths:3 Depths:4 Abyss:3)
  9 sun demons (Depths:1 Depths:3 Hell)
  9 demonic crawlers (Spider:1 Spider:2 Spider:4)
  15 thrashing horrors (Abyss:1 Abyss:2 Abyss:3)
  4 titan zombies (Crypt:1 Crypt:3 Depths:3)
  4 orc high priests (Orc:2)
  6 spriggan berserkers (Depths:2 Depths:3)
  A holy swine (Shoals:4)
  17 deep elf knights (D:12 Elf:1 Elf:2 Elf:3)
  9 soul eaters (Crypt:2 Depths:3 Depths:4 Abyss:1 Abyss:2)
  A fire crab (shapeshifter) (Elf:3)
  11 iron trolls (Depths:2 Depths:3 Depths:4 Hell)
  14 hell knights (Volcano Vaults:1 Vaults:4 Crypt:3 Depths:3)
  2 pharaoh ants (Spider:1 Spider:2)
  2 sun moths (Spider:4)
  4 sixfirhies (Abyss:1 Abyss:3)
  A salamander mystic (Depths:4)
  7 skysharks (Shoals:1 Shoals:2 Shoals:3 Elf:1)
  28 skeletal warriors (D:15 Vaults:2 Crypt:1 Crypt:2 Crypt:3)
  11 wretched stars (Abyss:1 Abyss:2 Abyss:3)
  A sea snake (shapeshifter) (Depths:2)
  3 cherubim (Shoals:4)
  9 sea snakes (Shoals:2 Shoals:3 Shoals:4)
  An anaconda zombie (Abyss:3)
  A bunyip zombie (Hell)
  7 glowing orange brains (Elf:3 Depths:1 Depths:4 Slime:4 Abyss:1)
  8 wizards (D:10 D:14 Vaults:1 Vaults:2 Vaults:3)
  A bog body (Crypt:2)
  A quicksilver dragon simulacrum (Hell)
  Pikel (D:5)
  7 flayed ghosts (D:15 Crypt:2 Depths:2 Depths:3 Abyss:3)
  65 deep trolls (Vaults:1 Vaults:2 Vaults:3 Vaults:4 Depths:2)
  An iron giant skeleton (Crypt:2)
  6 orb spiders (Spider:1 Spider:3 Spider:4)
  A tengu zombie (Vaults:1)
  An orange crystal statue (IceCv)
  27 starcursed masses (Abyss:1 Abyss:2 Abyss:3)
  19 necromancers (D:15 Vaults:1 Vaults:3 Crypt:1 Crypt:2)
  12 phantasmal warriors (Vaults:1 Vaults:3 Crypt:1 Crypt:2 Depths:4)
  3 spriggan simulacra (Crypt:1 Hell Abyss:3)
  16 lindwurms (Lair:5 Vaults:1 Vaults:2 Vaults:4)
  An obsidian statue (Shoals:2)
  11 deep elf archers (D:12 Elf:1 Elf:2 Elf:3)
  18 ironbound convokers (Vaults:1 Vaults:2 Vaults:3 Vaults:4 Desolation)
  6 steelbarb worms (Spider:1 Spider:2 Spider:3 Spider:4)
  5 orc knights (Orc:1 Vaults:2 Vaults:4)
  13 deep elf pyromancers (D:15 Elf:1 Elf:2 Elf:3)
  A fenstrider witch simulacrum (Hell)
  An anaconda skeleton (Crypt:2)
  23 harpies (Lair:3 D:13 Shoals:1 Shoals:2 Shoals:3)
  A shadow dragon skeleton (Crypt:3)
  A bunyip skeleton (Abyss:3)
  22 deep elf zephyrmancers (Elf:1 Elf:2 Elf:3)
  13 fauns (Shoals:1 Shoals:2)
  2 tengu skeletons (D:15 Vaults:3)
  12 wolf spiders (Lair:5 Spider:1 Spider:2 Spider:3 Spider:4)
  10 shining eyes (Depths:4 Slime:2 Slime:1 Slime:3 Slime:4)
  A stone giant zombie (Crypt:3)
  35 ugly things (D:14 IceCv Vaults:1 Vaults:2 Vaults:4)
  A will-o-the-wisp (Abyss:2)
  3 spectral fire dragons (Crypt:1)
  3 salamanders (shapeshifter) (D:15 Elf:1 Elf:3)
  2 spectral ice dragons (Crypt:1)
  2 frost giant zombies (D:15 Vaults:3)
  3 orc sorcerers (Orc:1 Orc:2 Abyss:3)
  17 manticores (D:13 Shoals:1 Shoals:2 Shoals:3 Shoals:4)
  3 worldbinders (Abyss:1 Abyss:3)
  10 cyclopes (D:11 D:13 D:14 D:15 Shoals:3)
  2 black mambas (shapeshifter) (Elf:3 Abyss:3)
  5 salamanders (Depths:3 Depths:4 Abyss:1)
  4 moths of wrath (Spider:1 Spider:2 Spider:4)
  A naga zombie (Crypt:3)
  A dire elephant zombie (Hell)
  A fire giant skeleton (D:15)
  A draconian zombie (Crypt:1)
  4 apocalypse crabs (Shoals:2 Abyss:1 Abyss:3)
  3 water nymphs (Shoals:2 Shoals:4)
  Joseph (D:7)
  23 smoke demons (Depths:3 Depths:4 Abyss:1 Abyss:2 Abyss:3)
  Maurice (D:9)
  7 guardian serpents (Lair:5 Desolation Abyss:1)
  7 rust devils (Depths:1 Hell Abyss:2)
  8 black mambas (Lair:3 Lair:5)
  5 eyes of devastation (Depths:4 Slime:2 Slime:4)
  8 merfolk sirens (Shoals:1 Shoals:2 Shoals:4)
  2 orange demons (Abyss:3)
  Maggie (D:7)
  A guardian serpent (shapeshifter) (D:15)
  Jeremiah (D:9)
  A molten gargoyle (Desolation)
  A titan simulacrum (Hell)
  22 elephants (Lair:4 Lair:5)
  A gargoyle (D:12)
  9 torpor snails (Lair:4 Lair:5 Spider:1 Spider:2 Spider:4)
  15 vault sentinels (Vaults:1 Vaults:2 Vaults:3 Vaults:4)
  A naga mage (Abyss:1)
  13 cane toads (Lair:2 Lair:3 Lair:4 Lair:5)
  A centaur skeleton (Crypt:1)
  2 spriggan zombies (D:15 Crypt:2)
  A death yak zombie (Crypt:2)
  A green draconian zombie (Crypt:2)
  19 yaktaurs (Volcano Vaults:1 Vaults:2 Vaults:3 Vaults:4)
  2 komodo dragons (shapeshifter) (D:10 Elf:3)
  A tormentor (Abyss:3)
  A yaktaur (shapeshifter) (Elf:3)
  2 elf zombies (Vaults:1 Vaults:3)
  An alligator snapping turtle skeleton (Hell)
  A kobold demonologist (D:11)
  4 unseen horrors (D:12 D:13 Abyss:2 Abyss:3)
  2 efreet (D:15 Abyss:3)
  8 komodo dragons (Lair:1 Lair:4 Lair:5 D:13)
  2 freezing wraiths (Abyss:1 Abyss:3)
  2 red devils (Hell)
  A redback zombie (Crypt:2)
  17 rime drakes (Lair:1 Lair:2 Lair:3 Lair:4 IceCv)
  A golden dragon simulacrum (Depths:3)
  2 tengu conjurers (D:15)
  A green draconian skeleton (Crypt:2)
  An anaconda simulacrum (Hell)
  22 merfolk (Shoals:1 Shoals:2 Shoals:3 Shoals:4)
  6 hellwings (Abyss:1 Abyss:2)
  22 ancient zymes (Abyss:1 Abyss:2 Abyss:3)
  2 harpy zombies (Crypt:1 Crypt:3)
  A troll (shapeshifter) (Elf:3)
  A yaktaur skeleton (Vaults:1)
  4 meliai (Lair:3 D:15)
  10 trolls (D:11 D:12 Orc:1 Orc:2 D:13)
  47 large abominations (Abyss:1 Abyss:2 Abyss:3)
  5 wind drakes (Shoals:1 Shoals:2 Shoals:4)
  A queen bee (shapeshifter) (Elf:3)
  Prince Ribbit (D:5)
  21 polar bears (Lair:3 Lair:5 IceCv)
  2 harpy skeletons (Crypt:1 Crypt:3)
  17 hornets (D:9 D:10 Lair:1 Lair:5 Spider:4)
  4 tyrant leeches (Lair:5)
  21 blink frogs (Lair:1 Lair:2 Lair:3 Lair:5)
  66 saltlings (Desolation)
  15 tarantellas (Spider:1 Spider:2 Spider:4)
  A stone giant simulacrum (Hell)
  A fire giant simulacrum (Vaults:3)
  A blink frog (shapeshifter) (Elf:1)
  25 raiju (Abyss:1 Abyss:2 Abyss:3)
  8 snapping turtles (Shoals:1 Shoals:2 Shoals:3 Shoals:4)
  A dream sheep (shapeshifter) (Abyss:3)
  A frost giant simulacrum (Depths:3)
  A jumping spider (shapeshifter) (Elf:3)
  8 dream sheep (Shoals:3 Shoals:4)
  18 jumping spiders (Spider:1 Spider:2 Spider:3 Spider:4)
  An ettin skeleton (Crypt:1)
  A fire dragon zombie (Crypt:3)
  A centaur simulacrum (D:14)
  A culicivora (shapeshifter) (Abyss:3)
  122 slime creatures (D:14 D:15 Vaults:2 Vaults:3 Vaults:4)
  4 vampires (D:10 D:13 Abyss:1)
  61 flying skulls (Vaults:2 Crypt:1 Crypt:3 Abyss:1 Abyss:2)
  8 culicivoras (Spider:1 Spider:2 Spider:4)
  15 water elementals (Shoals:1 Shoals:2 Shoals:3 Shoals:4 Elf:2)
  4 air elementals (Elf:1 Elf:2)
  A spriggan (shapeshifter) (Elf:3)
  2 spriggans (Depths:3 Depths:4)
  13 wyverns (D:8 Lair:2 Lair:5)
  3 hogs (D:10)
  97 yaks (D:8 D:9 D:10 D:11 Lair:1)
  10 wraiths (Lair:5 D:14 Crypt:1 Crypt:2 Abyss:1)
  A fire elemental (Abyss:1)
  11 humans (D:10 D:13)
  A human (shapeshifter) (Elf:3)
  A black mamba skeleton (Crypt:2)
  9 neqoxecs (Abyss:1 Abyss:2 Abyss:3)
  9 ynoxinuls (Abyss:1 Abyss:3)
  A hog (shapeshifter) (D:14)
  10 golden eyes (Slime:3 Slime:5)
  6 basilisks (Lair:2 Lair:3 D:13 D:15)
  3 fire bats (Orc:2)
  30 small abominations (Abyss:1 Abyss:2 Abyss:3)
  10 chaos spawn (Abyss:1 Abyss:2 Abyss:3)
  2 steam dragons (D:6 D:9)
  7 vampire mosquitoes (D:10 D:12)
  33 redbacks (Lair:5 Spider:1 Spider:2 Spider:3 Spider:4)
  2 nagas (Abyss:1)
  A glowing shapeshifter zombie (Depths:3)
  A swamp worm (shapeshifter) (Elf:3)
  3 spatial vortices (Abyss:2)
  An acid dragon (shapeshifter) (Abyss:1)
  3 harpy simulacra (Crypt:1 Abyss:3)
  A warg (shapeshifter) (Elf:3)
  Menkaure (Ossuary)
  21 water moccasins (D:9 Lair:1 Lair:3 Lair:4 Lair:5)
  Duvessa (D:6)
  3 acid dragons (D:9 D:10)
  4 floating eyes (Depths:2 Depths:3 Slime:4)
  10 hell hounds (Hell Abyss:1)
  A deep troll skeleton (Crypt:1)
  2 human zombies (Vaults:1 Crypt:3)
  A fire bat skeleton (Crypt:2)
  A glowing shapeshifter skeleton (Crypt:1)
  7 ice beasts (D:5 D:6 D:7 Abyss:1)
  36 orc warriors (D:8 D:9 D:10 D:11 Orc:1)
  3 sky beasts (D:7 D:8)
  A manticore zombie (Crypt:2)
  2 black bears (D:6 D:7)
  An elephant zombie (Crypt:1)
  2 ettin simulacra (Crypt:2 Hell)
  5 ogres (D:6 D:7 Orc:2 Orc:1)
  A boggart (Vaults:3)
  5 centaurs (D:10 Volcano)
  A manticore skeleton (Crypt:1)
  A rime drake zombie (Crypt:1)
  A phantom (D:6)
  6 kobold brigands (D:6 D:7 D:8 D:9 D:10)
  9 bullfrogs (D:8 Lair:1 Lair:2 Lair:4)
  5 necrophages (Crypt:2 Crypt:3)
  3 naga simulacra (Crypt:1 Crypt:2)
  An earth elemental (Elf:3)
  4 scorpions (D:4 D:7 Orc:1)
  6 wights (D:8 D:10 Abyss:1)
  Dowan (D:6)
  24 killer bees (D:9 D:10 Lair:3)
  7 howler monkeys (D:8 D:12)
  2 vampire bats (D:7 Lair:5)
  An electric eel (Spider:4)
  A crimson imp (Abyss:2)
  A jelly (D:2)
  7 quasits (Abyss:1 Abyss:2 Abyss:3)
  2 hounds (D:5 D:7)
  Crazy Yiuf (D:7)
  7 iron imps (Abyss:1 Abyss:2 Abyss:3)
  35 orc priests (D:5 D:8 D:9 D:10 Orc:1)
  Jessica (D:3)
  5 iguanas (D:5 D:6 D:7 Orc:1)
  36 orc wizards (D:5 D:6 D:8 D:9 D:10)
  14 hell rats (Lair:2 Hell)
  A statue (D:7)
  A hound skeleton (Crypt:1)
  3 mummies (Ossuary)
  8 gnolls (D:3 D:5)
  6 adders (D:2 D:4 D:5)
  5 shadow imps (D:6 D:8 Abyss:2 Abyss:3)
  11 white imps (D:5 D:6 Abyss:1 Abyss:2 Abyss:3)
  10 ufetubi (D:5 Abyss:1 Abyss:2 Abyss:3)
  An adder skeleton (Crypt:1)
  3 worms (D:2 D:4 D:5)
  A dart slug (D:1)
  86 orcs (D:3 D:5 D:6 D:7 D:8)
  6 ball pythons (D:1 D:3)
  10 bats (D:1 D:2 Lair:5)
  3 bat skeletons (D:7)
  2 bat zombies (D:7)
  10 endoplasms (D:1 D:3 D:4)
  3 giant cockroaches (D:1)
  2 goblins (D:1 D:3)
  3 hobgoblins (D:1 D:2 D:4)
  2 jackals (D:1)
  29 kobolds (D:1 D:2 D:3 D:4 D:6)
  A quokka (D:2)
  4 frilled lizards (D:1 D:2 D:3)
  5 gnoll skeletons (Ossuary)
  7 gnoll zombies (Ossuary)
  2 goblin skeletons (Ossuary)
  2 goblin zombies (Ossuary)
  3 hobgoblin skeletons (Ossuary Crypt:2)
  5 hobgoblin zombies (Ossuary)
  4 kobold skeletons (Ossuary)
  3 kobold zombies (Ossuary)
  2 orc skeletons (Ossuary)
  5 orc zombies (Ossuary)
  A quokka skeleton (Crypt:1)
  4 rats (D:1 D:2 D:3)
  10 rat skeletons (Ossuary)
  4 rat zombies (Ossuary Crypt:2)
  A creeping inferno (Hell)
  3 fire vortices (Hell)
  3 lurking horrors (Abyss:1 Abyss:2)
  12 starspawn tentacles (Abyss:1 Abyss:2 Abyss:3)
  9 tentacles (Shoals:1 Shoals:2)
2882 creatures vanquished.

Vanquished Creatures (others)
  A hydra zombie (Crypt:3)
  A small abomination (Abyss:1)
  A centaur (D:10)
  2 foxfires (Abyss:2)
  A lurking horror (Abyss:1)
  19 starspawn tentacles (Abyss:1 Abyss:2 Abyss:3)
  18 tentacles (Shoals:1 Shoals:2)
43 creatures vanquished.

Grand Total: 2925 creatures vanquished

Table legend: (Time is in decaauts)
 A = Elapsed time spent in this place.
 B = Non-inter-level travel time spent in this place.
 C = Inter-level travel time spent in this place.
 D = Time resting spent in this place.
 E = Time spent auto-exploring this place.
 F = Levels seen in this place.
 G = Mean time per level.
                   A        B        C        D        E       F      G
               +--------+--------+--------+--------+--------+-----+--------+
         Total |  66742 |  58432 |   8310 |   6440 |  33350 |  62 | 1076.5 |
       Dungeon |  17958 |  14581 |   3377 |   1320 |   8604 |  15 | 1197.2 |
        Temple |     32 |     14 |     18 |      0 |      0 |   1 |   32.0 |
          Lair |   7586 |   6195 |   1391 |    242 |   3534 |   5 | 1517.2 |
        Shoals |   4380 |   4093 |    287 |    717 |   2180 |   4 | 1095.0 |
   Spider Nest |   4061 |   3640 |    421 |    384 |   2106 |   4 | 1015.2 |
    Slime Pits |   3965 |   3234 |    731 |    214 |   1815 |   5 |  793.0 |
  Orcish Mines |   1812 |   1505 |    307 |    137 |    837 |   2 |  906.0 |
   Elven Halls |   3647 |   3217 |    430 |    493 |   1896 |   3 | 1215.7 |
        Vaults |   5610 |   4993 |    617 |     95 |   3610 |   4 | 1402.5 |
         Crypt |   3024 |   2835 |    189 |    291 |   1671 |   3 | 1008.0 |
        Depths |   6358 |   5835 |    523 |   1780 |   3042 |   4 | 1589.5 |
          Hell |    571 |    554 |     17 |      0 |    423 |   1 |  571.0 |
         Abyss |   4569 |   4569 |      0 |    449 |   2456 |   7 |  652.7 |
       Ossuary |    550 |    550 |      0 |     21 |    185 |   1 |  550.0 |
      Ice Cave |   1132 |   1132 |      0 |    191 |    353 |   1 | 1132.0 |
       Volcano |    342 |    342 |      0 |     73 |     76 |   1 |  342.0 |
    Desolation |   1138 |   1138 |      0 |     32 |    562 |   1 | 1138.0 |
               +--------+--------+--------+--------+--------+-----+--------+

Top non-repeatable levels by time:
  Lair:5: 2171 daAuts
    D:12: 2031 daAuts
 Abyss:1: 1989 daAuts
   Elf:3: 1910 daAuts
     D:9: 1897 daAuts
Depths:1: 1766 daAuts
  Lair:3: 1760 daAuts
    D:10: 1745 daAuts
Depths:3: 1677 daAuts
Depths:2: 1587 daAuts
 Crypt:3: 1544 daAuts
Vaults:1: 1540 daAuts
Vaults:4: 1528 daAuts
     D:4: 1358 daAuts
  Lair:2: 1354 daAuts

Table legend:
 A = Non-vault XP
 B = Vault XP
 C = Vault XP percentage of total XP
 D = Non-vault monster count
 E = Vault monster count
 F = Vault count percentage of total count
                 A         B        C        D         E       F
            +---------+---------+-------+---------+---------+-------
      Total |  827683 |  623683 |  43.0 |    1793 |    1040 |  36.7
            +---------+---------+-------+---------+---------+-------
        D:1 |      44 |       0 |   0.0 |      24 |       0 |   0.0
        D:2 |      87 |       0 |   0.0 |      10 |       0 |   0.0
        D:3 |      78 |      37 |  32.2 |      15 |       1 |   6.2
        D:4 |     109 |       0 |   0.0 |       9 |       0 |   0.0
        D:5 |     531 |     988 |  65.0 |      20 |       3 |  13.0
        D:6 |    1196 |     223 |  15.7 |      24 |       2 |   7.7
        D:7 |     801 |    1310 |  62.1 |      22 |      12 |  35.3
        D:8 |    2016 |       0 |   0.0 |      27 |       0 |   0.0
        D:9 |    3073 |    1472 |  32.4 |      27 |      25 |  48.1
       D:10 |    2966 |    3830 |  56.4 |      27 |      16 |  37.2
       D:11 |    5339 |       0 |   0.0 |      27 |       0 |   0.0
       D:12 |    4371 |    9681 |  68.9 |      20 |      20 |  50.0
       D:13 |    5683 |    6998 |  55.2 |      14 |      19 |  57.6
       D:14 |   10598 |       0 |   0.0 |      21 |       0 |   0.0
       D:15 |    8954 |    6636 |  42.6 |      21 |      10 |  32.3
     Lair:1 |    6843 |     883 |  11.4 |      31 |       1 |   3.1
     Lair:2 |    4025 |    4892 |  54.9 |      19 |      10 |  34.5
     Lair:3 |    5927 |    2434 |  29.1 |      23 |      11 |  32.4
     Lair:4 |   12328 |    1032 |   7.7 |      43 |       1 |   2.3
     Lair:5 |   16450 |   17608 |  51.7 |      47 |      65 |  58.0
   Shoals:1 |   14458 |       0 |   0.0 |      24 |       0 |   0.0
   Shoals:2 |   21356 |   15816 |  42.5 |      39 |      18 |  31.6
   Shoals:3 |   16692 |       0 |   0.0 |      33 |       0 |   0.0
   Shoals:4 |   14571 |   38655 |  72.6 |      31 |      51 |  62.2
   Spider:1 |   14695 |       0 |   0.0 |      34 |       0 |   0.0
   Spider:2 |    8775 |    4959 |  36.1 |      16 |       7 |  30.4
   Spider:3 |    4514 |       0 |   0.0 |      13 |       0 |   0.0
   Spider:4 |   14303 |   15160 |  51.5 |      34 |      33 |  49.3
    Slime:1 |   12997 |       0 |   0.0 |      35 |       0 |   0.0
    Slime:2 |   16841 |       0 |   0.0 |      45 |       0 |   0.0
    Slime:3 |   17284 |       0 |   0.0 |      28 |       0 |   0.0
    Slime:4 |    8563 |       0 |   0.0 |      16 |       0 |   0.0
    Slime:5 |   22046 |   16457 |  42.7 |      31 |      10 |  24.4
      Orc:1 |    3722 |     337 |   8.3 |      52 |       4 |   7.1
      Orc:2 |     920 |    6265 |  87.2 |      18 |      48 |  72.7
      Elf:1 |   15091 |   12327 |  45.0 |      22 |      16 |  42.1
      Elf:2 |   18921 |    5520 |  22.6 |      30 |       6 |  16.7
      Elf:3 |   17949 |   62407 |  77.7 |      28 |      60 |  68.2
   Vaults:1 |   49183 |   23435 |  32.3 |      58 |      31 |  34.8
   Vaults:2 |   19033 |   20057 |  51.3 |      32 |      24 |  42.9
   Vaults:3 |   14770 |   35937 |  70.9 |      22 |      40 |  64.5
   Vaults:4 |   29349 |   29271 |  49.9 |      38 |      37 |  49.3
    Crypt:1 |   12558 |   15519 |  55.3 |      30 |      31 |  50.8
    Crypt:2 |   40611 |    5536 |  12.0 |      55 |       5 |   8.3
    Crypt:3 |       0 |   57026 | 100.0 |       0 |      92 | 100.0
   Depths:1 |    8617 |   14720 |  63.1 |      10 |      11 |  52.4
   Depths:2 |   22119 |   43026 |  66.0 |      26 |      30 |  53.6
   Depths:3 |   33867 |   29426 |  46.5 |      44 |      31 |  41.3
   Depths:4 |   46053 |   17572 |  27.6 |      48 |      19 |  28.4
       Hell |   15928 |   15697 |  49.6 |      35 |      20 |  36.4
    Abyss:1 |   82151 |       0 |   0.0 |     160 |       0 |   0.0
    Abyss:2 |   39432 |       0 |   0.0 |      77 |       0 |   0.0
    Abyss:3 |   78895 |       0 |   0.0 |     158 |       0 |   0.0
    Ossuary |       0 |     266 | 100.0 |       0 |      54 | 100.0
      IceCv |       0 |   24873 | 100.0 |       0 |      50 | 100.0
    Volcano |       0 |    2427 | 100.0 |       0 |       7 | 100.0
 Desolation |       0 |   52968 | 100.0 |       0 |     109 | 100.0
            +---------+---------+-------+---------+---------+-------
